Cogmind - Beta 16.1 @@@ ROGUE MODE // 2026.01.24 @ 11:32:05 Player: C0-2MO Result: Destroyed by H-88 Terminator with KE Penetrator Performance ------------- Evolutions (9) 4500 Regions Visited (32) 6400 Robots Destroyed (518) 2590 Value Destroyed (23824) 23824 Prototype IDs (67) 1340 Alien Tech Used (1) 200 Bonus (26569) 26569 TOTAL SCORE: 65423 Bonus ------- High Alert Combat Kills 7387 Follower Combat Kills 411 Hunted by Unchained 500 Entered Garrisons 400 Entered DSFs 1500 Aligned with FarCom 300 Acquired ECA 300 Met Zhirov 300 Met Warlord at Base 500 MAIN.C Attacked Warlord 500 Warlord Defense Kills 486 Met Warlord at Research 2000 Destroyed MAIN.C Guards 500 Met MAIN.C 5000 Destroyed MAIN.C Shell 5000 Met Warlord at Command 2000 Friendly Fire -515 Cogmind --------- Core Integrity 0/1600 Matter 290/300 Energy 99/100 System Corruption 20% Temperature Cool (9) Movement Core (50) Location -1/Command Parts ------- > --- POWER (3) -------- (None) > --- PROPULSION (6) --- (None) > --- UTILITY (11) ----- (None) > --- WEAPON (5) ------- (None) > --- INVENTORY (5) ---- Advanced Transmission Jammer Experimental Cloaking Device Enhanced Nova Cannon Peak State ------------ > --- POWER ------------ Fusion Reactor Quantum Reactor Quantum Reactor > --- PROPULSION ------- Advanced Heavy Siege Treads Centrium Wheel Centrium Wheel Centrium Wheel High-density Centrium Wheel > --- UTILITY ---------- Advanced Cryofiber Web Advanced Heat Sink Advanced Heat Sink High-capacity Storage Unit Experimental Energy Well Experimental Targeting Computer Improved Weapon Cycler Advanced Powered Armor Graphene Brace Advanced Point Defense System Ghost Barrier > --- WEAPON ----------- Enhanced Nova Cannon Enhanced Nova Cannon Enhanced Nova Cannon Enhanced Nova Cannon Enhanced Nova Cannon > --- INVENTORY -------- Centrium Wheel Centrium Wheel Centrium Wheel Improved Cryofiber Web Long-range Terrain Scanner Advanced Transmission Jammer Experimental Cloaking Device Thermal Barrier Transdimensional Reconstructor Enhanced Quantum Rifle Enhanced Quantum Rifle Linear Accelerator Linear Accelerator Linear Accelerator Long-range Missile Launcher [Rating: 201] Favorites ----------- Power Cooled Ion Engine Engine Cooled Ion Engine Power Core Reinforced Fission Core Reactor Vortex Chain Reactor Propulsion Centrium Wheel Treads Light Treads Leg Thunder Leg Wheel Centrium Wheel Utility Large Storage Unit Device Improved Heat Sink Storage Large Storage Unit Processor Advanced Targeting Computer Hackware Ghost Barrier Protection Improved Utility Shielding Weapon Heavy Particle Cannon Energy Gun Advanced Plasma Rifle Energy Cannon Heavy Particle Cannon Ballistic Gun Light Assault Rifle Ballistic Cannon Linear Accelerator Launcher Improved Grenade Launcher Special Weapon Plasma Cutter Impact Weapon Makeshift Hammer Slashing Weapon Axe Piercing Weapon Vortex Lance Build | -11 -10 -10 -9 -9 -9 -8 -8 -8 -8 -8 -8 -7 -7 -6 -6 -6 -6 -5 -5 -5 -5 -4 -4 -4 -4 -4 -3 -3 -3 -2 -1 -1 ------- Run | Yrd Mat Min Mat Min Exi Min Mat Gar Mat Sto Gar Fac DSF Fac Was Fac DSF Fac Upp Upp Zhi Pro Fac Upp Upp War Pro Res DSF Res Acc Com Slots Evolved 18 | . . . 2 . . . 2 . . . . 2 . 2 . . . 2 . . . . 2 . . . . 2 . 2 2 . Power 2 | . . . . . . . . . . . . . . 1 . . . . . . . . . . . . . . . . 1 . Propulsion 4 | . . . . . . . . . . . . . . 1 . . . 1 . . . . 1 . . . . 1 . . . . Utility 9 | . . . 1 . . . 1 . . . . 2 . . . . . 1 . . . . 1 . . . . . . 2 1 . Weapon 3 | . . . 1 . . . 1 . . . . . . . . . . . . . . . . . . . . 1 . . . . Parts Attached 272 | 8 16 2 33 1 2 . 15 5 14 4 5 2 10 12 1 . 17 12 6 2 3 7 21 5 . 6 . 6 13 22 7 15 Power 23 | 1 1 1 3 . . . 1 1 2 . 1 . 1 1 . . 3 . 1 . 1 1 1 . . 1 . . . . 1 1 Engine 11 | 1 1 1 3 . . . 1 . 2 . . . . 1 . . 1 . . . . . . . . . . . . . . . Core 7 | . . . . . . . . 1 . . 1 . 1 . . . 2 . 1 . . 1 . . . . . . . . . . Reactor 5 | . . . . . . . . . . . . . . . . . . . . . 1 . 1 . . 1 . . . . 1 1 Propulsion 40 | 3 3 . 7 . 2 . . . 1 . . . 1 1 . . 3 2 . . . . 7 . . . . 1 5 1 . 3 Treads 9 | 1 2 . 4 . . . . . . . . . . . . . . 1 . . . . . . . . . . . . . 1 Leg 8 | . . . . . 2 . . . . . . . . . . . 3 1 . . . . 2 . . . . . . . . . Wheel 23 | 2 1 . 3 . . . . . 1 . . . 1 1 . . . . . . . . 5 . . . . 1 5 1 . 2 Hover . | . . . . . . . . . . . . . . . . . . . . . . . . . . . . . . . . . Flight . | . . . . . . . . . . . . . . . . . . . . . . . . . . . . . . . . . Utility 118 | 2 4 1 8 1 . . 9 4 5 1 1 1 4 8 1 . 1 8 4 1 2 4 7 4 . 4 . 3 5 16 4 5 Device 72 | 1 3 1 3 . . . 9 3 3 1 1 . 2 7 1 . . 3 3 . 2 4 4 3 . 4 . . . 8 3 3 Storage 13 | 1 1 . 1 1 . . . . 2 . . . . . . . . 2 . . . . 1 . . . . 1 1 1 . 1 Processor 13 | . . . . . . . . . . . . 1 1 1 . . . . 1 1 . . 1 1 . . . . 1 4 1 . Hackware 2 | . . . . . . . . . . . . . . . . . . 1 . . . . . . . . . 1 . . . . Protection 18 | . . . 4 . . . . 1 . . . . 1 . . . 1 2 . . . . 1 . . . . 1 3 3 . 1 Artifact . | . . . . . . . . . . . . . . . . . . . . . . . . . . . . . . . . . Weapon 91 | 2 8 . 15 . . . 5 . 6 3 3 1 4 2 . . 10 2 1 1 . 2 6 1 . 1 . 2 3 5 2 6 Energy Gun 33 | 2 1 . 7 . . . 1 . 1 2 1 1 . . . . 3 . . . . . 4 1 . . . 2 2 4 . 1 Energy Cannon 37 | . 4 . 5 . . . 3 . 2 1 1 . 4 2 . . 4 2 1 . . 1 2 . . . . . . 1 2 2 Ballistic Gun 7 | . 3 . 1 . . . . . 2 . . . . . . . 1 . . . . . . . . . . . . . . . Ballistic Cannon 5 | . . . . . . . . . . . . . . . . . 2 . . . . . . . . . . . . . . 3 Launcher 4 | . . . 1 . . . . . 1 . 1 . . . . . . . . . . 1 . . . . . . . . . . Special Weapon 2 | . . . . . . . 1 . . . . . . . . . . . . . . . . . . . . . 1 . . . Impact Weapon 1 | . . . . . . . . . . . . . . . . . . . . 1 . . . . . . . . . . . . Slashing Weapon 1 | . . . 1 . . . . . . . . . . . . . . . . . . . . . . . . . . . . . Piercing Weapon 1 | . . . . . . . . . . . . . . . . . . . . . . . . . . 1 . . . . . . Special Melee Weapon . | . . . . . . . . . . . . . . . . . . . . . . . . . . . . . . . . . Unidentified Prototypes 28 | . . . 1 . . . 1 . 1 3 . . . 1 . . 1 . . . 3 . 2 . . 5 . 2 . 7 . 1 Corrupted Parts 5 | . . . . . . . . . . . . . . . . . 1 . . . . 4 . . . . . . . . . . System Corruption 19 | . . . . . . . . . . . . . . . . . 2 . . . . 17 . . . . . . . . . . Parts Lost 51 | . 2 1 5 . . . 3 1 1 . 3 . . 2 2 . 5 3 . . . 1 1 . . 1 . . . . 1 19 Power 10 | . . . 1 . . . . . . . 1 . . . . . 3 1 . . . . . . . . . . . . 1 3 Propulsion 4 | . . . 1 . . . . . 1 . . . . . . . . . . . . . 1 . . . . . . . . 1 Utility 15 | . 1 1 1 . . . 1 . . . . . . 2 . . . 1 . . . . . . . 1 . . . . . 7 Weapon 22 | . 1 . 2 . . . 2 1 . . 2 . . . 2 . 2 1 . . . 1 . . . . . . . . . 8 Highest Loss Streak 13 | . 1 1 2 . . . 1 1 1 . 1 . . 2 2 . 3 1 . . . 1 1 . . 1 . . . . 1 13 To Critical Strikes 1 | . . . . . . . . . . . . . . . . . . . . . . . . . . . . . . . 1 . Average Backups 14 | 2 11 9 13 15 15 15 14 13 14 15 14 13 13 13 13 13 13 13 13 14 13 13 14 15 15 14 15 14 17 19 19 16 Power 1 | . 1 . 2 2 1 2 1 1 1 1 1 1 1 . . . . . . . . 1 1 1 1 1 1 1 1 1 . . Propulsion 1 | 1 1 . 1 2 1 1 1 1 1 2 2 2 2 1 1 1 1 1 2 2 2 2 . . . . . . 1 3 3 2 Utility 6 | . 3 2 2 4 5 5 6 6 6 7 6 6 6 8 9 9 9 7 8 8 7 6 6 8 8 7 8 7 8 9 8 5 Weapon 4 | . 4 4 6 6 6 6 4 4 4 4 3 2 3 4 3 3 3 4 3 4 3 2 4 5 5 5 5 5 4 5 6 6 Tool/Special . | . . . . . . . . . . . . . . . . . . . . . . . . . . . . . . . . . Unused Backups 37 | . . 5 5 1 2 . 7 . 1 1 . 1 2 2 . . . . . . . . 2 . . . . . . 4 2 2 Power 3 | . . 1 2 . . . . . . . . . . . . . . . . . . . . . . . . . . . . . Propulsion 8 | . . 1 . . 2 . 2 . . . . . 1 . . . . . . . . . . . . . . . . . 1 1 Utility 15 | . . 3 2 . . . 3 . . 1 . . 1 1 . . . . . . . . 1 . . . . . . 2 1 . Weapon 10 | . . . 1 1 . . 2 . 1 . . 1 . 1 . . . . . . . . 1 . . . . . . 2 . . Tool/Special 1 | . . . . . . . . . . . . . . . . . . . . . . . . . . . . . . . . 1 Average Slot Usage (%) 94 | . 99 60 98 100 100 100 99 100 93 89 89 86 92 91 86 80 81 90 97 100 80 97 96 94 94 91 89 85 87 90 92 92 Engine 5 | . 14 13 10 11 11 11 9 5 4 9 6 . . 2 6 6 5 5 5 5 2 . . . . . . . . . . . Core 2 | . . . . . . . . 3 4 . 2 7 7 8 6 6 3 1 2 5 5 4 5 5 5 3 . . . . . . Reactor 1 | . . . . . . . . . . . . . . . . . . . . . 2 5 5 5 5 5 5 4 4 4 7 9 Treads 1 | . 16 5 6 . . . . . . . . . . . . . . . . . . . . . . . . . . . . 1 Leg 6 | . . . . . 8 22 17 18 5 . . . . . . . 2 20 23 23 23 23 13 . . . . . . . . . Wheel 10 | . 11 10 15 22 13 . . . 6 8 9 7 7 12 9 6 5 . . . . . 9 21 21 21 21 20 24 26 24 20 Device 20 | . 13 7 16 22 22 22 26 26 24 24 18 20 23 20 26 26 25 22 17 17 17 23 25 21 21 22 26 22 14 16 16 22 Storage 7 | . 14 7 11 11 11 11 9 9 9 9 9 7 7 6 6 6 6 6 5 5 5 5 5 5 5 5 5 4 4 4 4 4 Processor 3 | . . . . . . . . . . . . 5 7 6 6 6 6 5 10 11 11 10 5 13 15 13 10 4 4 4 7 6 Protection 3 | . . . 4 . . . . . 2 2 9 7 7 5 . . . 1 4 5 2 . 4 1 . . . 1 5 8 9 6 Energy Gun 5 | . 4 . 16 . . . . . . . 3 7 1 . . . 4 . . . . . 3 5 5 4 5 7 18 19 16 6 Energy Cannon 22 | . 17 15 14 33 33 33 35 34 35 36 32 22 28 25 22 20 13 21 20 23 1 20 17 14 15 15 15 14 4 1 3 10 Peak Build Rating 201 | 7 11 11 24 24 41 41 49 53 52 40 40 45 56 65 65 58 71 81 86 86 92 96 114 108 108 128 126 146 155 180 196 201 Average Rating 69 | 5 9 5 19 23 30 41 48 49 42 37 38 43 53 60 60 58 59 74 79 85 71 90 104 105 106 111 126 135 142 166 187 178 On Entrance 72 | . 7 11 8 24 24 41 41 49 52 37 40 39 45 56 65 58 58 71 73 86 86 92 95 107 108 106 126 126 141 155 175 182 Avg Prop Armor Cover (%) 8 | 15 12 12 8 . . . . . . . . . . . . . . 5 4 . . . 2 . . . . . . . . 7 Naked Turns 27 | . . 9 . . . . . . . . . . . . . . . . . . . . . . . . . . . . . 18 Heaviest Build 196 | 13 38 38 49 69 69 49 56 53 77 57 57 51 82 91 73 64 68 84 84 82 82 93 101 97 95 103 103 109 141 158 185 196 Greatest Support 117 | 16 40 20 40 22 60 60 60 60 60 28 28 28 28 38 38 28 69 92 92 92 92 92 117 70 70 70 70 86 96 100 100 100 Greatest Overweight (x) 4 | . 3 3 4 3 3 . 1 . 2 2 2 1 2 3 2 2 2 1 1 . . 1 2 1 1 1 1 1 2 1 1 2 Average Overweight (x) . | . 1 . 1 2 1 . . . . 1 1 1 1 1 1 2 1 . . . . . . 1 1 1 1 1 1 1 1 1 Largest Inventory Capacity 20 | 8 15 15 15 20 20 15 15 15 20 15 15 15 15 15 15 15 15 15 15 15 15 15 15 15 15 15 15 15 20 20 20 20 Average Capacity 15 | 6 13 10 15 17 18 15 15 15 17 15 15 15 15 15 15 15 15 15 15 15 15 15 15 15 15 15 15 15 19 20 20 19 Most Carried 20 | 4 15 15 15 16 16 15 15 15 16 15 15 15 15 15 15 14 15 15 15 15 15 15 15 15 15 15 15 15 20 20 20 19 Average Carried 14 | 3 11 8 13 15 15 15 14 14 14 15 14 13 14 14 14 14 14 14 14 15 14 14 14 14 15 14 15 14 17 19 19 16 Final Capacity 20 | 8 15 15 15 20 15 15 15 15 15 15 15 15 15 15 15 15 15 15 15 15 15 15 15 15 15 15 15 15 20 20 20 5 Final Carried 20 | 4 15 4 15 16 15 15 15 15 15 15 14 15 15 15 14 14 15 15 15 15 14 15 15 15 15 15 15 15 20 20 19 3 Class Distribution -------------------- 44% | Skirmisher 20% | Gunner 7% | Mutant 7% | Hacker-Skirmisher 3% | Scientist-Skirmisher 3% | Tank Dominant Class ---------------- Mutant | -10/Materials Mutant | -10/Mines Gunner | -9/Materials Gunner | -9/Mines Gunner | -9/Exiles Skirmisher | -8/Mines Skirmisher | -8/Materials Skirmisher | -8/Garrison Skirmisher | -8/Materials Commander-Skirmisher | -8/Storage Skirmisher | -8/Garrison Skirmisher | -7/Factory Gunner | -7/DSF Scientist-Skirmisher | -6/Factory Scientist-Skirmisher | -6/Waste Scientist-Gunner | -6/Factory Gunner | -6/DSF Gunner | -5/Factory Skirmisher | -5/Upper Caves Skirmisher | -5/Upper Caves Mutant | -5/Zhirov Skirmisher | -4/Proximity Caves Gunner | -4/Factory Skirmisher | -4/Upper Caves Skirmisher | -4/Upper Caves Skirmisher | -4/Warlord Gunner | -3/Proximity Caves Hacker-Skirmisher | -3/Research Pyromaniac-Skirmisher | -3/DSF Hacker-Skirmisher | -2/Research Hacker-Skirmisher | -1/Access Scavenger-Skirmisher | -1/Command Resources | -11 -10 -10 -9 -9 -9 -8 -8 -8 -8 -8 -8 -7 -7 -6 -6 -6 -6 -5 -5 -5 -5 -4 -4 -4 -4 -4 -3 -3 -3 -2 -1 -1 ----------- Run | Yrd Mat Min Mat Min Exi Min Mat Gar Mat Sto Gar Fac DSF Fac Was Fac DSF Fac Upp Upp Zhi Pro Fac Upp Upp War Pro Res DSF Res Acc Com Matter Collected 6644 | 280 249 70 568 20 30 . 295 207 591 150 235 . 197 110 . 154 368 177 142 82 71 233 380 181 61 114 10 . 280 485 300 604 Remotely . | . . . . . . . . . . . . . . . . . . . . . . . . . . . . . . . . . Salvage Created 24772 | 109 979 . 2699 127 . . 3246 1453 3167 773 1005 . 496 1634 1221 . 552 591 349 146 204 423 1549 66 . 217 . 51 659 1006 1435 615 Parts 1095 | 3 43 . 165 14 . . 137 68 144 37 59 . 22 53 15 . 25 26 16 3 4 20 86 9 . . . 3 28 39 55 21 Haulers Intercepted 24 | . 2 . 6 . . . 6 . 5 2 . . . 1 . . . . . . . . 2 . . . . . . . . . Recyclers Shooed 8 | . 3 . 3 . . . . . . . . . . . . . . . . . . . 1 . . . . . . . 1 . Parts Field Recycled . | . . . . . . . . . . . . . . . . . . . . . . . . . . . . . . . . . Retrieved Matter . | . . . . . . . . . . . . . . . . . . . . . . . . . . . . . . . . . Parts Self-Destructed 17 | . . . . . . . . . . . . . . . . . . . 1 . 4 1 . 9 . . 2 . . . . . Prevented 20 | . . . . . . . . . . . . . . . . . . . . 3 . 17 . . . . . . . . . . Parts Restored . | . . . . . . . . . . . . . . . . . . . . . . . . . . . . . . . . . Kills | -11 -10 -10 -9 -9 -9 -8 -8 -8 -8 -8 -8 -7 -7 -6 -6 -6 -6 -5 -5 -5 -5 -4 -4 -4 -4 -4 -3 -3 -3 -2 -1 -1 ------- Run | Yrd Mat Min Mat Min Exi Min Mat Gar Mat Sto Gar Fac DSF Fac Was Fac DSF Fac Upp Upp Zhi Pro Fac Upp Upp War Pro Res DSF Res Acc Com Combat Hostiles Destroyed 412 | . 22 1 52 5 . . 55 34 57 11 26 . 9 24 4 . 11 15 . 2 . 8 17 3 . 3 . . 11 14 20 8 Melee 1 | . . . . . . . . . . . . . . . . . . 1 . . . . . . . . . . . . . . Guns 67 | . 11 . 28 . . . . . . . . . 1 . . . 1 . . . . . . 1 . . . . 6 7 12 . Cannons 258 | . 11 1 12 5 . . 52 28 41 11 19 . 7 20 3 . 7 3 . 1 . 1 16 2 . 3 . . 3 1 4 7 AOE 60 | . . . 11 . . . . 6 12 . 6 . . 3 . . 2 9 . . . 4 . . . . . . . 3 4 . Classes Destroyed 28 | 2 5 1 8 . . . 1 2 1 . . . . . 1 . . . 2 . . 1 . . . . . . . 2 2 . Worker 11 | . . . 3 . . . 1 . 3 . . . . 1 . . . . . . . . . . . . . . . . 3 . Builder 17 | . . . 3 . . . . . 8 1 . . . 2 . . . . . . . . 2 . . . . . . . 1 . Tunneler 4 | 1 . . 1 . . . . . 1 . . . . . . . . . . . . . . . . . . 1 . . . . Hauler 24 | . 2 . 6 . . . 6 . 5 2 . . . 1 . . . . . . . . 2 . . . . . . . . . Recycler 6 | 1 . . 3 . . . 1 . . . . . . . . . . . . . . . . . . . . . . . 1 . Minesweeper 1 | . . . . . . . . . . . . . . . . . . . 1 . . . . . . . . . . . . . Mechanic 6 | . . . 1 . . . 2 . 2 1 . . . . . . . . . . . . . . . . . . . . . . Operator 9 | . . . 2 . . . . . . 1 . . . 2 . . . . . . . . 2 . . . . . . 1 1 . Drone 1 | . . . . . . . . . . . . . . . . . . . . . . . . . . . . . . . 1 . Watcher 24 | . 1 . 4 . . . 4 . 5 . 1 . . 1 . . . 1 . . . . 2 . . . . 1 . . 2 2 Swarmer 76 | . 2 . 14 4 . . 3 6 3 . 7 . . . . . 3 9 . . . 4 . 3 . . . . 7 3 8 . Grunt 170 | . 19 . 23 . . . 36 12 29 6 7 . 5 17 . . 2 3 . . . 3 4 . . 1 . . . 2 1 . Brawler 17 | . . . 2 . . . 4 . 9 . 2 . . . . . . . . . . . . . . . . . . . . . Duelist 11 | . . . 2 . . . 2 2 3 . 1 . . . . . . . . . . . . . . . . . . 1 . . Protector 4 | . . . 1 . . . . . 3 . . . . . . . . . . . . . . . . . . . . . . . Sentry 60 | . . . 10 1 . . 9 9 7 5 4 . . 5 . . 1 1 . 1 . . 2 . . . . . . 2 2 1 Demolisher 2 | . . 1 . . . . . . . 1 . . . . . . . . . . . . . . . . . . . . . . Specialist 8 | . . . . . . . . 2 . . . . 3 . . . 3 . . . . . . . . . . . . . . . Hunter 23 | . . . . . . . . . 3 . 1 . . . . . . 1 . 1 . . 6 . . . . . 2 3 4 2 Programmer 21 | . . . . . . . . 3 . . 4 . . 2 . . 1 1 . . . . 4 . . . . . . . 4 2 Heavy 6 | . . . . . . . 1 . . . . . 1 . . . 1 . . . . . 1 . . . . . 2 . . . Behemoth 5 | . . . . . . . . . . . . . . . . . . . . . . 1 . . . 2 . . . 1 . 1 Compactor 4 | . . . . . . . . . . . . . . . 4 . . . . . . . . . . . . . . . . . Combat Programmer 2 | . . . . . . . . . . . . . . . . . . . . . . . . . . . . . . . . 2 Striker 1 | . . . . . . . . . . . . . . . . . . . . . . . . . . . . . . 1 . . Executioner 1 | . . . . . . . . . . . . . . . . . . . . . . . . . . . . . . 1 . . Subdweller 1 | . 1 . . . . . . . . . . . . . . . . . . . . . . . . . . . . . . . Decomposer 1 | . . . . . . . . . . . . . . . . . . . 1 . . . . . . . . . . . . . Samaritan 6 | . . . . . . . . . . . . . . . . . . . 6 . . . . . . . . . . . . . Surgeon 1 | . . . . . . . . . . . . . . . . . . . . . . . . . . . . . . . . 1 Martyr 1 | . . . . . . . . . . . . . . . . . . . . . . . . . . . . . . . 1 . Fireman 1 | . . . . . . . . . . . . . . . . . . . . . . . . . . . . . . . 1 . Best Kill Streak 12 | 2 3 1 5 4 . . 6 5 8 6 4 . 3 8 3 . 7 12 1 1 . 4 3 2 . 3 . 2 7 4 5 4 Combat Bots Only 12 | . 3 1 4 4 . . 6 5 5 4 4 . 3 7 3 . 7 12 . 1 . 4 2 2 . 3 . . 7 4 4 4 Max Kills in Single Turn 5 | 1 2 1 3 1 . . 2 3 5 2 4 . 1 4 1 . 2 4 1 1 . 3 2 1 . 1 . 1 2 3 5 1 Gunslinging 1 | . . . . . . . . . . . . . . . . . . . . . . . . . . . . . . 1 1 . Exploded 4 | . . . 3 . . . . 3 4 . 4 . . 3 . . 2 4 . . . 3 . . . . . . . 3 4 . Melee 1 | . . . . . . . . . . . . . . . . . . 1 . . . . . . . . . . . . . . Uniques/NPCs Destroyed . | . . . . . . . . . . . . . . . . . . . . . . . . . . . . . . . . . Combat | -11 -10 -10 -9 -9 -9 -8 -8 -8 -8 -8 -8 -7 -7 -6 -6 -6 -6 -5 -5 -5 -5 -4 -4 -4 -4 -4 -3 -3 -3 -2 -1 -1 -------- Run | Yrd Mat Min Mat Min Exi Min Mat Gar Mat Sto Gar Fac DSF Fac Was Fac DSF Fac Upp Upp Zhi Pro Fac Upp Upp War Pro Res DSF Res Acc Com Hostile Shots Fired 1538 | . 93 9 181 7 . . 105 68 95 7 54 . 27 105 1 . 92 87 5 5 . 20 39 7 3 3 . . 64 38 153 270 Missed 540 | . 22 1 60 2 . . 38 25 39 3 21 . 7 33 . . 37 31 1 3 . 8 18 3 . 1 . . 28 12 55 92 Intercepted 9 | . . . . . . . . . . . . . . . . . . . . . . . . . . . . . . . . 9 Hits 998 | . 71 8 121 5 . . 67 43 56 4 33 . 20 72 1 . 55 56 4 2 . 12 21 4 3 2 . . 36 26 98 178 Melee 3 | . . . 2 . . . . . . . . . . . 1 . . . . . . . . . . . . . . . . . Projectile 995 | . 71 8 119 5 . . 67 43 56 4 33 . 20 72 . . 55 56 4 2 . 12 21 4 3 2 . . 36 26 98 178 AOE 24 | . . 9 . . . . . . . . 1 . . . . . . . . . . . . . . 6 . . . 1 2 5 Critical Strikes 45 | . . . 2 . . . 3 2 1 . 2 . . 2 1 . 3 6 . . . . 3 . . . . . . 2 11 7 Actively Blocked 6 | . . . . . . . . . . . . . . . . . . . . . . . . . . . . . . . 1 5 Part Disruptions 18 | . . . . . . . . . . . . . . . . . 1 . . . . . . . . . . . . . 10 7 Actively Blocked 5 | . . . . . . . . . . . . . . . . . . . . . . . . . . . . . . . 5 . Damage Taken 19192 | . 853 346 1632 38 . . 1179 598 896 66 611 . 454 1008 46 . 955 1014 66 38 . 209 429 64 45 286 . . 577 552 1431 5799 Core 3260 | . 166 71 203 . . . 186 104 166 19 49 . 70 99 1 . 138 112 . . . . 41 . . 81 . . 96 55 106 1497 Absorbed by Shields 25 | . . . . . . . . . . . 25 . . . . . . . . . . . . . . . . . . . . . Reduced by Siege Mode 126 | . . . . . . . . . . . . . . . . . . . . . . . . . . . . . . . . 126 Redirected to Shielding 204 | . . . 3 . . . . . 10 . 18 . 21 . . . . . . . . . . . . . . . . 8 36 108 Ignored by Resistances 1438 | . . . . . . . . . . . . . . 40 . . . . . . . . . . . 20 . . 408 305 466 199 Regen/Repaired (Parts) 795 | . . . 171 . . . 146 . 178 87 . 177 . . . . . . . . . . . . . 5 . . . 31 . . Core Remaining (%) 68 | 100 . 5 . . . 49 . . . . 4 . 90 . . . 72 . . . . 88 . . . . 89 . 92 96 . . Volleys Fired 1039 | 8 85 7 143 5 . . 118 74 117 22 77 1 17 45 22 . 33 12 . 4 . 8 46 12 8 8 7 5 20 26 56 53 Largest 5 | 2 2 2 3 3 . . 4 4 4 4 4 1 4 4 4 . 4 4 . 4 . 4 4 4 3 4 3 3 5 5 5 5 Hottest 600 | 100 140 140 180 225 . . 300 286 285 270 270 75 340 340 340 . 255 276 . 295 . 295 400 403 315 403 315 287 457 472 487 600 Shots Fired 3229 | 16 165 14 367 15 . . 453 202 391 82 192 1 62 174 82 . 77 36 2 17 . 25 153 22 16 32 21 14 100 118 189 191 Gun 844 | 16 116 . 255 . . . . . . . 10 . 6 . . . 37 . . . . . 17 4 1 8 . 9 80 109 136 40 Cannon 2345 | . 49 14 107 15 . . 453 199 381 82 177 1 56 172 82 . 39 32 2 17 . 23 136 18 15 24 21 5 20 8 50 147 Launcher 40 | . . . 5 . . . . 3 10 . 5 . . 2 . . 1 4 . . . 2 . . . . . . . 1 3 4 Special . | . . . . . . . . . . . . . . . . . . . . . . . . . . . . . . . . . Kinetic 142 | . 84 . 1 . . . . . . . . . . . . . 18 . . . . . . . . . . . . . . 39 Thermal 2786 | 16 81 14 281 15 . . 453 199 381 82 187 1 62 172 82 . 27 . . . . . 77 22 16 32 21 14 100 117 186 148 Explosive 40 | . . . 5 . . . . 3 10 . 5 . . 2 . . 1 4 . . . 2 . . . . . . . 1 3 4 Electromagnetic 261 | . . . 80 . . . . . . . . . . . . . 31 32 2 17 . 23 76 . . . . . . . . . Robot Hit Streak 45 | 11 24 5 17 7 . . 24 33 16 8 11 . 22 45 23 . 25 7 8 9 . 9 21 4 . 15 . 9 13 19 16 16 Robot Miss Streak 6 | 2 6 2 6 1 . . 5 4 4 3 4 . 1 3 1 . 2 1 . 1 . 1 2 1 . 1 . 1 2 2 3 2 Penetration Max . | . . . . . . . . . . . . . . . . . . . . . . . . . . . . . . . . . Secondary Targets 9 | . . . 2 . . . . . . . . . . . . . . . . . . . . . . . . . . 3 4 . Max Gunslinging Chain 2 | . . . 1 . . . . . . . . . . . . . . . . . . . . . . . . . . 1 2 . Shots Hit Robots 1914 | 12 113 10 192 8 . . 255 105 212 40 78 . 50 113 72 . 59 32 12 11 7 20 95 4 . 22 . 10 57 91 101 133 Core Hits 847 | 2 43 2 99 5 . . 107 51 116 19 35 . 16 52 12 . 24 23 4 4 3 11 48 3 . 8 . 5 26 39 53 37 Critical Kills 12 | . . . . . . . 2 . 4 . 1 . . 2 1 . . . . . . . 1 . . . . . . . . 1 Critical Parts Destroyed . | . . . . . . . . . . . . . . . . . . . . . . . . . . . . . . . . . Critical Strikes 43 | 1 . . 6 . . . 2 . 4 . 1 . . 2 1 . 2 2 . . . 2 6 . . . . 1 3 4 4 2 Burn 25 | 1 . . 6 . . . . . . . . . . . . . 1 . . . . . 5 . . . . 1 3 4 4 . Meltdown 12 | . . . . . . . 2 . 4 . 1 . . 2 1 . . . . . . . 1 . . . . . . . . 1 Blast 2 | . . . . . . . . . . . . . . . . . 1 . . . . . . . . . . . . . . 1 Corrupt 2 | . . . . . . . . . . . . . . . . . . . . . . 2 . . . . . . . . . . Sever 2 | . . . . . . . . . . . . . . . . . . 2 . . . . . . . . . . . . . . Melee Attacks 55 | . . . 4 . . . . 12 . . . . . . . . . 14 17 . 7 . . . . 1 . . . . . . Impact . | . . . . . . . . . . . . . . . . . . . . . . . . . . . . . . . . . Slashing 54 | . . . 4 . . . . 12 . . . . . . . . . 14 17 . 7 . . . . . . . . . . . Piercing . | . . . . . . . . . . . . . . . . . . . . . . . . . . . . . . . . . Entropic 1 | . . . . . . . . . . . . . . . . . . . . . . . . . . 1 . . . . . . Sneak Attacks 11 | . . . . . . . . . . . . . . . . . . . 11 . . . . . . . . . . . . . Combat Hostiles . | . . . . . . . . . . . . . . . . . . . . . . . . . . . . . . . . . Follow-up Attacks . | . . . . . . . . . . . . . . . . . . . . . . . . . . . . . . . . . Damage Inflicted 57441 | 152 1315 252 4326 239 . . 6482 2913 7395 1034 2300 . 1312 4143 2252 . 1431 1556 752 410 482 776 3130 129 . 761 . 328 1531 2742 4348 4950 Guns 11536 | 152 820 . 2153 . . . . . . . 86 . 84 . . . 345 . . . . . 247 54 . 146 . 222 1204 2309 2845 869 Cannons 37868 | . 495 252 1125 239 . . 6474 2505 5395 1034 1804 . 1228 3796 2252 . 893 644 31 308 . 512 2883 75 . 615 . 106 327 213 646 4016 Explosions 6514 | . . . 1047 . . . . 408 1967 . 402 . . 347 . . 193 642 . 102 . 264 . . . . . . . 220 857 65 Melee 1455 | . . . . . . . . . . . . . . . . . . 252 721 . 482 . . . . . . . . . . . Ramming 68 | . . . 1 . . . 8 . 33 . 8 . . . . . . 18 . . . . . . . . . . . . . . Kinetic 2202 | . 497 . 14 . . . . . . . . . . . . . 403 . . . . . . . . . . . . . . 1288 Thermal 44442 | 152 818 252 2932 239 . . 6474 2505 6137 1034 1890 . 1312 3796 2252 . 573 . . 102 . . 1615 129 . 761 . 328 1531 2522 3491 3597 Explosive 5298 | . . . 675 . . . . 408 1225 . 402 . . 347 . . 193 642 . . . 264 . . . . . . . 220 857 65 Electromagnetic 3976 | . . . 704 . . . . . . . . . . . . . 262 644 31 308 . 512 1515 . . . . . . . . . Impact . | . . . . . . . . . . . . . . . . . . . . . . . . . . . . . . . . . Slashing 1455 | . . . . . . . . . . . . . . . . . . 252 721 . 482 . . . . . . . . . . . Piercing . | . . . . . . . . . . . . . . . . . . . . . . . . . . . . . . . . . Highest Corruption 22 | . 2 2 . . . . . 2 4 4 8 . . 1 18 18 22 4 3 3 3 20 8 8 8 8 . . . . 1 20 Average Corruption 4 | . 1 2 . . . . . 1 3 4 6 . . 1 12 18 20 2 3 3 3 6 5 8 8 8 . . . . 1 7 Corruption Purged 4 | . . . . . . . . . . . . . . . . . . 4 . . . . . . . . . . . . . . Corruption Blocked . | . . . . . . . . . . . . . . . . . . . . . . . . . . . . . . . . . Effects 345 | . 13 2 . . . . . 14 85 14 43 . . 1 10 7 21 6 18 8 6 21 23 19 10 2 . . . . 1 21 Message Errors 90 | . 5 . . . . . . 4 25 5 11 . . . 1 1 1 1 11 2 2 7 4 3 1 . . . . . . 6 Matter Fused 81 | . . . . . . . . 2 21 2 12 . . . 3 2 5 . 2 4 4 2 5 7 2 2 . . . . . 6 Heat Flow Errors 46 | . 2 . . . . . . 1 9 2 8 . . . 2 2 3 4 1 1 . 2 3 2 3 . . . . . . 1 Energy Discharges 30 | . 4 2 . . . . . 2 5 . 1 . . . 1 1 1 . 1 . . 4 3 1 1 . . . . . 1 2 Parts Rejected 4 | . . . . . . . . . 1 . . . . . 1 . 1 . . . . . . . . . . . . . . 1 Parts Fused 5 | . . . . . . . . . 1 . . . . . . 1 . . . . . 1 2 . . . . . . . . . Data Loss (minor) 31 | . 1 . . . . . . 2 10 2 4 . . . . . 3 . . . . 4 2 3 . . . . . . . . Data Loss (major) 13 | . . . . . . . . 1 4 1 2 . . . . . . . 1 . . . 3 1 . . . . . . . . Misfires 18 | . 1 . . . . . . . 2 1 2 . . 1 . . 2 1 2 1 . 1 1 1 1 . . . . . . 1 Alerts 7 | . . . . . . . . 1 4 . 1 . . . . . . . . . . . . . 1 . . . . . . . Misdirections 2 | . . . . . . . . . . . . . . . 1 . . . . . . . . . . . . . . . . 1 Weapon Failures 18 | . . . . . . . . 1 3 1 2 . . . 1 . 5 . . . . . . 1 1 . . . . . . 3 Overload Shots . | . . . . . . . . . . . . . . . . . . . . . . . . . . . . . . . . . Overflow Damage 1341 | . . 17 148 7 . . 61 49 210 37 43 . 8 87 . . 28 . 299 15 36 . 93 . . . . . 42 . 161 . Projectiles 628 | . . 17 . 7 . . 61 42 118 37 37 . 8 87 . . . . 23 15 . . 93 . . . . . 42 . 41 . Explosions 401 | . . . 148 . . . . 7 92 . 6 . . . . . 28 . . . . . . . . . . . . . 120 . Melee 312 | . . . . . . . . . . . . . . . . . . . 276 . 36 . . . . . . . . . . . Knockbacks 16 | . . . . . . . . . . . . . . . . . 2 . . . . . . . . . . . . . . 14 Impact . | . . . . . . . . . . . . . . . . . . . . . . . . . . . . . . . . . Kinetic 16 | . . . . . . . . . . . . . . . . . 2 . . . . . . . . . . . . . . 14 Secondary . | . . . . . . . . . . . . . . . . . . . . . . . . . . . . . . . . . Self-Inflicted Damage 105 | . . . 20 . . . . . 3 . 57 . . . . . 25 . . . . . . . . . . . . . . . Shots 3 | . . . 1 . . . . . . . 1 . . . . . 1 . . . . . . . . . . . . . . . Rammed 3 | . . . 1 . . . . . 1 . 1 . . . . . . . . . . . . . . . . . . . . . Targets Rammed 10 | . . . 1 . . . 2 . 4 . 1 . . . . . . 2 . . . . . . . . . . . . . . Kicked 7 | . . . . . . . 2 . 3 . . . . . . . . 2 . . . . . . . . . . . . . . Crushed . | . . . . . . . . . . . . . . . . . . . . . . . . . . . . . . . . . Highest Temperature 601 | 155 436 260 323 168 . . 132 38 199 190 362 . 337 262 116 . 163 2 . 72 . 249 273 126 321 . . . 244 85 301 601 Average Temperature 86 | 76 104 95 55 78 . . 35 38 89 97 97 . 151 101 74 . 57 2 . 39 . 122 59 54 129 . . . 101 34 82 184 Received Heat Transfer 4069 | . 441 . 615 . . . 567 252 450 18 123 . 81 426 . . 135 162 9 . . 51 21 . . 9 . . . 18 439 252 Effects 11 | . 5 . . . . . . . . . . . . 1 . . . . . . . . . . . . . . . . . 5 Shutdowns 2 | . 2 . . . . . . . . . . . . . . . . . . . . . . . . . . . . . . . Energy Bleed 2 | . 1 . . . . . . . . . . . . 1 . . . . . . . . . . . . . . . . . . Interference 3 | . . . . . . . . . . . . . . . . . . . . . . . . . . . . . . . . 3 Short Circuit 2 | . 2 . . . . . . . . . . . . . . . . . . . . . . . . . . . . . . . Damage (major) 2 | . . . . . . . . . . . . . . . . . . . . . . . . . . . . . . . . 2 Siege Activations 1 | . . . . . . . . . . . . . . . . . . . . . . . . . . . . . . . . 1 Total Turns 35 | . . . . . . . . . . . . . . . . . . . . . . . . . . . . . . . . 35 Longest Duration 35 | . . . . . . . . . . . . . . . . . . . . . . . . . . . . . . . . 35 Martial Activations . | . . . . . . . . . . . . . . . . . . . . . . . . . . . . . . . . . Shielding Activations . | . . . . . . . . . . . . . . . . . . . . . . . . . . . . . . . . . Robots Disrupted 2 | . . . . . . . . . . . . . . . . . 2 . . . . . . . . . . . . . . . Combat Hostiles 2 | . . . . . . . . . . . . . . . . . 2 . . . . . . . . . . . . . . . Robots Corrupted 9 | . . . 1 . . . . . . . . . . . . . 1 2 . 1 . 3 1 . . . . . . . . . Combat Hostiles 9 | . . . 1 . . . . . . . . . . . . . 1 2 . 1 . 3 1 . . . . . . . . . Parts Fried 34 | . . . 5 . . . . . . . . . . . . . 2 6 . 3 . 4 14 . . . . . . . . . Impact Corruptions . | . . . . . . . . . . . . . . . . . . . . . . . . . . . . . . . . . Robots Melted 21 | 1 . . . . . . 4 . 4 . 1 . 1 2 1 . . . . . . . 1 . . . . . 2 3 . 1 Combat Hostiles 17 | . . . . . . . 3 . 4 . 1 . 1 1 1 . . . . . . . . . . . . . 2 3 . 1 Parts Melted 148 | . 6 . 12 1 . . 26 12 17 4 9 . 1 6 2 . 1 . . . . . 12 . . . . . 12 13 12 2 Heat Transferred 64614 | 518 1924 407 5989 333 . . 10249 3811 8471 1591 2807 . 1850 4551 2738 . 851 . . 100 . . 2419 174 . 798 . 572 3242 4301 4639 2279 Parts Sabotaged . | . . . . . . . . . . . . . . . . . . . . . . . . . . . . . . . . . Parts Stolen . | . . . . . . . . . . . . . . . . . . . . . . . . . . . . . . . . . Parts Stripped . | . . . . . . . . . . . . . . . . . . . . . . . . . . . . . . . . . Power Chain Reactions 4 | . . . 2 . . . . . . . . . . . . . . . . 2 . . . . . . . . . . . . Alert | -11 -10 -10 -9 -9 -9 -8 -8 -8 -8 -8 -8 -7 -7 -6 -6 -6 -6 -5 -5 -5 -5 -4 -4 -4 -4 -4 -3 -3 -3 -2 -1 -1 ------- Run | Yrd Mat Min Mat Min Exi Min Mat Gar Mat Sto Gar Fac DSF Fac Was Fac DSF Fac Upp Upp Zhi Pro Fac Upp Upp War Pro Res DSF Res Acc Com Maximum Alert Level 5 | . 1 . 4 2 . . 4 5 5 4 5 4 3 4 2 1 1 2 . . . . 1 . . . . . 1 2 3 3 Low Security (%) 15 | 100 90 100 18 . . 100 15 . . . . . . . . 22 42 11 . . . . 19 . . . . 100 42 4 . . Level 1 16 | . 9 . 13 57 . . 9 . . . . . . . 40 77 57 56 . . . . 80 . . . . . 57 13 16 . Level 2 16 | . . . 10 42 . . 15 . . . . . . 49 59 . . 31 . . . . . . . . . . . 82 36 38 Level 3 17 | . . . 25 . . . 43 22 . 36 9 61 100 32 . . . . . . . . . . . . . . . . 46 61 Level 4 19 | . . . 32 . . . 14 33 39 63 50 38 . 18 . . . . . . . . . . . . . . . . . . Level 5 14 | . . . . . . . . 44 60 . 39 . . . . . . . . . . . . . . . . . . . . . High Security . | . . . . . . . . . . . . . . . . . . . . . . . . . . . . . . . . . Max Security . | . . . . . . . . . . . . . . . . . . . . . . . . . . . . . . . . . Sterilizations 6 | . . . 1 . . . 1 . 1 . . . 1 . . . 1 . . . . . . . . . . . 1 . . . Peak Influence 2312 | 5 226 36 1252 490 . . 1197 2312 2252 1586 2240 1176 1041 1337 468 245 353 478 . . . . 282 . . . . 14 340 645 859 767 Initial 1176 | . 3 36 . 469 . . . 775 1127 934 1001 1176 726 546 467 245 135 184 . . . . . . . . . . . 191 324 506 Average 849 | 1 116 15 736 377 . . 696 1589 1775 1252 1530 1083 876 806 412 220 255 348 . . . . 207 . . . . 1 190 481 607 719 Influence Increases 16975 | 10 648 58 1952 125 . . 1875 1607 1922 1073 1329 60 315 1221 4 9 308 468 5 50 15 190 729 60 15 75 45 16 350 956 936 549 Destroy 0b10 Robot/C 8360 | . 420 20 1020 100 . . 1100 700 1120 480 520 . 180 480 . . 220 300 . 40 . 160 340 60 . 60 . . 220 280 380 160 Destroy 0b10 Robot/NC 565 | 10 15 . 120 . . . 70 . 135 35 5 . . 35 . . 5 5 5 . 15 . 40 . . . . 10 5 5 40 10 Destroy Leader 1726 | . 76 10 280 10 . . 300 30 260 126 30 . 30 124 . . 40 52 . 10 . 30 98 . . . . 2 40 50 84 44 Allied During Kill 359 | . . . . 10 . . 5 6 24 304 9 . . . . . 1 . . . . . . . . . . . . . . . Trap Triggered on 0b10 20 | . . . . . . . 20 . . . . . . . . . . . . . . . . . . . . . . . . . Successful Hack 413 | . 52 12 24 . . . 58 56 19 61 28 15 . 51 . 9 . 16 . . . . . . . . . . . . 12 . Select Force Hacks 270 | . 60 . 60 . . . 90 . 30 . . 30 . . . . . . . . . . . . . . . . . . . . Disable Machine 660 | . 15 . 105 . . . 120 45 90 45 45 15 15 60 . . . . . . . . 15 . . . . . 15 . 30 45 Anti-Garrison Action 2300 | . . . . . . . . 550 . . 350 . . 400 . . . . . . . . 200 . . . . . . 600 150 50 Destroy Structure 1222 | . 10 1 58 5 . . 97 160 184 22 162 . . 41 4 . 12 50 . . . . 36 . . . . 4 10 21 150 195 Partial Spotted 15 | . . . . . . . 15 . . . . . . . . . . . . . . . . . . . . . . . . . Lose Combat Pursuer 1065 | . . 15 285 . . . . 60 60 . 180 . 90 30 . . 30 45 . . . . . . 15 15 45 . 60 . 90 45 Influence Decreases 16364 | 5 560 151 748 1077 252 . 682 488 2023 1743 630 1262 312 925 990 166 149 541 285 50 15 190 514 251 39 75 45 16 10 756 684 730 Entered New Map 8382 | . 2 57 . 735 252 . . 418 1185 1277 540 1064 312 495 870 106 59 169 104 . . . . 80 6 . . . . 149 216 286 Time Decay 6991 | 5 528 72 704 342 . . 632 . 748 286 . 198 . 410 100 60 . 342 181 50 15 180 504 171 33 65 30 16 . 607 458 254 Lost Part 496 | . 20 2 44 . . . 30 10 10 . 30 . . 20 20 . 50 30 . . . 10 10 . . 10 . . . . 10 190 Lost Ally 495 | . 10 20 . . . . 20 60 80 180 60 . . . . . 40 . . . . . . . . . 15 . 10 . . . Squads Dispatched 113 | . 4 . 12 . . . 16 . 17 4 . 4 2 11 . . 2 8 . . . . 9 . . . . 1 1 6 12 4 Investigation 39 | . 2 . 6 . . . 7 . 7 3 . 2 . 4 . . . 2 . . . . 2 . . . . . . 3 . 1 Extermination 13 | . . . . . . . . . . . . 1 . 2 . . . 1 . . . . 4 . . . . 1 . . 3 1 Reinforcement 31 | . 2 . 2 . . . 3 . 3 . . . 2 2 . . 2 2 . . . . 2 . . . . . 1 3 6 1 Assault 16 | . . . 4 . . . . . 7 1 . 1 . . . . . . . . . . . . . . . . . . 2 1 Garrison 14 | . . . . . . . 6 . . . . . . 3 . . . 3 . . . . 1 . . . . . . . 1 . Intercept . | . . . . . . . . . . . . . . . . . . . . . . . . . . . . . . . . . Searches Triggered . | . . . . . . . . . . . . . . . . . . . . . . . . . . . . . . . . . Construction Impeded 6 | . . . . . . . . . 2 . . . . 1 . . . 2 . . . . . . . . . . . . 1 . Haulers Reinforced 5 | . . . . . . . . . . . . . . 1 . . . . . . . . . . . . . . . 2 2 . Active Scanning Responses . | . . . . . . . . . . . . . . . . . . . . . . . . . . . . . . . . . Cargo Convoy Interrupts . | . . . . . . . . . . . . . . . . . . . . . . . . . . . . . . . . . Stealth | -11 -10 -10 -9 -9 -9 -8 -8 -8 -8 -8 -8 -7 -7 -6 -6 -6 -6 -5 -5 -5 -5 -4 -4 -4 -4 -4 -3 -3 -3 -2 -1 -1 --------- Run | Yrd Mat Min Mat Min Exi Min Mat Gar Mat Sto Gar Fac DSF Fac Was Fac DSF Fac Upp Upp Zhi Pro Fac Upp Upp War Pro Res DSF Res Acc Com Distress Signals 36 | . . . 4 . . . 3 . 2 3 . . . . . . . 2 . . . . 2 . . . . . . 13 5 2 Communications Jammed 9 | . . . . . . . . . . . . . . . . . . . . . . . . . . . . . 1 . . 8 Distress Signals 8 | . . . . . . . . . . . . . . . . . . . . . . . . . . . . . . . . 8 Times Spotted 661 | . 29 5 87 7 . . 64 33 79 24 31 . 12 29 6 . 14 24 3 2 . 5 17 4 1 9 3 4 13 46 36 74 Peak Tracking Total 60 | . 3 5 9 4 . . 6 5 5 7 6 . 5 5 3 . 5 8 3 1 . 3 3 1 1 7 2 1 7 7 7 60 Tactical Retreats 51 | . 1 2 11 . . . . 4 4 . 4 . 3 2 . . 2 3 . . . . . . 1 1 2 . 2 . 6 3 Traps | -11 -10 -10 -9 -9 -9 -8 -8 -8 -8 -8 -8 -7 -7 -6 -6 -6 -6 -5 -5 -5 -5 -4 -4 -4 -4 -4 -3 -3 -3 -2 -1 -1 ------- Run | Yrd Mat Min Mat Min Exi Min Mat Gar Mat Sto Gar Fac DSF Fac Was Fac DSF Fac Upp Upp Zhi Pro Fac Upp Upp War Pro Res DSF Res Acc Com Traps Triggered 36 | . 1 . 6 . . . 3 5 3 1 11 . 2 1 . . . 1 . . . . 2 . . . . . . . . . Indirectly . | . . . . . . . . . . . . . . . . . . . . . . . . . . . . . . . . . Trap Hack Attempts . | . . . . . . . . . . . . . . . . . . . . . . . . . . . . . . . . . Triggered . | . . . . . . . . . . . . . . . . . . . . . . . . . . . . . . . . . Disarmed . | . . . . . . . . . . . . . . . . . . . . . . . . . . . . . . . . . Reprogrammed 6 | . . . . . . . 6 . . . . . . . . . . . . . . . . . . . . . . . . . Reused 2 | . . . . . . . 2 . . . . . . . . . . . . . . . . . . . . . . . . . Traps Extracted . | . . . . . . . . . . . . . . . . . . . . . . . . . . . . . . . . . Installed 5 | . . . . . . . . . . . . . . . . . . . . . . . . . . . . 5 . . . . Triggered 2 | . . . . . . . 2 . . . . . . . . . . . . . . . . . . . . . . . . . Most Traps Carried 5 | . . . . . . . . . . . . . . . . . . . 5 5 5 5 5 . . . . 1 1 . . . Machines | -11 -10 -10 -9 -9 -9 -8 -8 -8 -8 -8 -8 -7 -7 -6 -6 -6 -6 -5 -5 -5 -5 -4 -4 -4 -4 -4 -3 -3 -3 -2 -1 -1 ---------- Run | Yrd Mat Min Mat Min Exi Min Mat Gar Mat Sto Gar Fac DSF Fac Was Fac DSF Fac Upp Upp Zhi Pro Fac Upp Upp War Pro Res DSF Res Acc Com Machines Disabled 65 | . 1 . 7 . . . 8 13 7 3 9 1 1 4 . . . . . . . . 1 . . 1 . . 1 . 3 5 Max in Single Turn 3 | . 1 . 3 . . . 1 2 2 1 2 1 1 1 . . . . . . . . 1 . . 1 . . 1 . 2 2 Garrison Access 8 | . . . . . . . . . 1 . . . . 2 . . . . . . . . 1 . . . . . . 3 1 . Garrison Relay 10 | . . . . . . . . 6 . . 4 . . . . . . . . . . . . . . . . . . . . . Phase Generator 3 | . . . . . . . . 1 . . 1 . . . . . . . . . . . . . . . . . . . . 1 Energy Cycler 1 | . . . . . . . . . . . . . . . . . . . . . . . . . . . . . . . 1 . Machines Repaired . | . . . . . . . . . . . . . . . . . . . . . . . . . . . . . . . . . Machines Dismantled 3 | . . . . . . . 3 . . . . . . . . . . . . . . . . . . . . . . . . . Machines Sabotaged . | . . . . . . . . . . . . . . . . . . . . . . . . . . . . . . . . . Overloaded Fab Kills . | . . . . . . . . . . . . . . . . . . . . . . . . . . . . . . . . . Hacking | -11 -10 -10 -9 -9 -9 -8 -8 -8 -8 -8 -8 -7 -7 -6 -6 -6 -6 -5 -5 -5 -5 -4 -4 -4 -4 -4 -3 -3 -3 -2 -1 -1 --------- Run | Yrd Mat Min Mat Min Exi Min Mat Gar Mat Sto Gar Fac DSF Fac Was Fac DSF Fac Upp Upp Zhi Pro Fac Upp Upp War Pro Res DSF Res Acc Com Machines Accessed 129 | . 9 1 13 . 5 . 16 4 17 14 1 5 . 10 . 2 . 3 1 1 5 . 3 1 . 6 . 3 . 3 5 1 Terminals 67 | . 6 1 8 . . . 9 4 12 9 1 2 . 5 . 1 . 2 . . . . 1 1 . . . 2 . . 2 1 Fabricators 3 | . . . . . . . . . . . . 1 . 1 . . . 1 . . . . . . . . . . . . . . Repair Stations 12 | . 1 . 2 . . . 2 . 1 2 . 1 . 1 . . . . . . . . . . . . . . . . 2 . Recycling Units 9 | . 2 . 1 . . . 2 . 1 2 . . . . . . . . . . . . 1 . . . . . . . . . Scanalyzers 10 | . . . 2 . . . 2 . 2 . . 1 . 1 . . . . . . . . . . . . . 1 . . 1 . Garrison Access 10 | . . . . . . . 1 . 1 1 . . . 2 . 1 . . . . . . 1 . . . . . . 3 . . Total Hacks 438 | . 27 5 59 . 50 . 64 9 62 33 3 22 . 25 . 3 . 6 1 1 22 . 8 1 . 11 . 5 . 5 15 1 Successful 276 | . 18 2 38 . 50 . 39 5 28 19 2 13 . 10 . 2 . 2 1 1 22 . 2 1 . 11 . 3 . 3 3 1 Failed 159 | . 9 3 20 . . . 25 4 34 14 1 8 . 15 . 1 . 4 . . . . 6 . . . . 2 . 2 11 . Catastrophic 19 | . . . 1 . . . 2 1 2 1 . . . 6 . . . 2 . . . . . . . . . . . 1 3 . Database Lockouts 3 | . . . 1 . . . . . . . . 1 . . . . . . . . . . . . . . . . . . 1 . Manual 215 | . 21 5 31 . 1 . 45 3 45 21 2 7 . 13 . 1 . 1 . . . . 5 . . . . 3 . 3 7 1 Terminals 192 | . 21 5 26 . . . 35 9 38 21 3 4 . 14 . 1 . 3 . . . . 3 1 . . . 4 . . 3 1 Fabricators 9 | . . . . . . . . . . . . 3 . 3 . . . 3 . . . . . . . . . . . . . . Repair Stations 39 | . 3 . 4 . . . 5 . 7 5 . 7 . 3 . . . . . . . . . . . . . . . . 5 . Recycling Units 30 | . 3 . 6 . . . 8 . 5 5 . . . . . . . . . . . . 3 . . . . . . . . . Scanalyzers 64 | . . . 23 . . . 12 . 11 . . 8 . 2 . . . . . . . . . . . . . 1 . . 7 . Garrison Access 19 | . . . . . . . 4 . 1 2 . . . 3 . 2 . . . . . . 2 . . . . . . 5 . . Terminal Hacks 117 | . 3 2 2 . 50 . 6 4 2 3 1 1 . 3 . 1 . 1 1 1 22 . . 1 . 11 . 1 . . . 1 Record 69 | . . . . . 49 . . . . . . . . . . . . . . . 10 . . 1 . 9 . . . . . . Part Schematic 4 | . . . . . . . . . . . . . . . . . . . . . 4 . . . . . . . . . . . Robot Analysis 6 | . . 2 . . . . . . . . . . . . . . . . . . 4 . . . . . . . . . . . Prototype ID Bank 6 | . 1 . . . . . 1 . . . . . . . . . . . . . 4 . . . . . . . . . . . Open Door 9 | . . . . . . . . 1 . 3 . . . . . . . . 1 1 . . . . . 2 . . . . . 1 Open DSF 3 | . . . . . . . . . . . . 1 . . . 1 . . . . . . . . . . . 1 . . . . Branch Access Points 3 | . . . 1 . . . . . . . . . . 1 . . . 1 . . . . . . . . . . . . . . Emergency Access Points 2 | . . . . . . . . 1 . . 1 . . . . . . . . . . . . . . . . . . . . . Terminal Index 2 | . 1 . . . . . . . 1 . . . . . . . . . . . . . . . . . . . . . . . Locate Traps 1 | . . . . . . . 1 . . . . . . . . . . . . . . . . . . . . . . . . . Reprogram Traps 1 | . . . . . . . 1 . . . . . . . . . . . . . . . . . . . . . . . . . Hauler Manifests 1 | . . . 1 . . . . . . . . . . . . . . . . . . . . . . . . . . . . . Registered Components 1 | . 1 . . . . . . . . . . . . . . . . . . . . . . . . . . . . . . . Zone Layout 6 | . . . . . . . 3 . 1 . . . . 2 . . . . . . . . . . . . . . . . . . Patrol Navigation 1 | . . . . . . . . 1 . . . . . . . . . . . . . . . . . . . . . . . . Security Stations 1 | . . . . . . . . 1 . . . . . . . . . . . . . . . . . . . . . . . . Proto ID Catalog 1 | . . . . . 1 . . . . . . . . . . . . . . . . . . . . . . . . . . . Fabricator Hacks 2 | . . . . . . . . . . . . . . 1 . . . 1 . . . . . . . . . . . . . . Network Status 1 | . . . . . . . . . . . . . . 1 . . . . . . . . . . . . . . . . . . Load Schematic 1 | . . . . . . . . . . . . . . . . . . 1 . . . . . . . . . . . . . . Repair Station Hacks 16 | . 1 . 2 . . . 2 . 3 3 . 4 . 1 . . . . . . . . . . . . . . . . . . Scan Component 10 | . 1 . 1 . . . 1 . 2 2 . 2 . 1 . . . . . . . . . . . . . . . . . . Repair 6 | . . . 1 . . . 1 . 1 1 . 2 . . . . . . . . . . . . . . . . . . . . Recycling Unit Hacks 1 | . . . . . . . . . . . . . . . . . . . . . . . 1 . . . . . . . . . Retrieve Components 1 | . . . . . . . . . . . . . . . . . . . . . . . 1 . . . . . . . . . Scanalyzer 47 | . . . 19 . . . 9 . 9 . . 5 . 2 . . . . . . . . . . . . . . . . 3 . Insert Component 16 | . . . 8 . . . 3 . 3 . . 1 . . . . . . . . . . . . . . . . . . 1 . Analyze 15 | . . . 8 . . . 3 . 3 . . 1 . . . . . . . . . . . . . . . . . . . . Retrieve Study 16 | . . . 3 . . . 3 . 3 . . 3 . 2 . . . . . . . . . . . . . . . . 2 . Garrison Access Hacks 4 | . . . . . . . 1 . 1 1 . . . . . 1 . . . . . . . . . . . . . . . . Unlock Access 3 | . . . . . . . 1 . . 1 . . . . . 1 . . . . . . . . . . . . . . . . Seal Access 1 | . . . . . . . . . 1 . . . . . . . . . . . . . . . . . . . . . . . Unauthorized Hacks 89 | . 14 . 15 . . . 21 1 13 12 1 3 . 3 . . . . . . . . 1 . . . . 2 . 3 . . Terminals 54 | . 12 . 9 . . . 11 1 9 8 1 . . 1 . . . . . . . . . . . . . 2 . . . . Track 1 | . . . 1 . . . . . . . . . . . . . . . . . . . . . . . . . . . . . Assimilate 2 | . 1 . . . . . . . . . . . . . . . . . . . . . . . . . . 1 . . . . Botnet 18 | . 3 . 3 . . . 3 1 2 3 1 . . 1 . . . . . . . . . . . . . 1 . . . . Disrupt 4 | . 1 . . . . . 2 . 1 . . . . . . . . . . . . . . . . . . . . . . . Operators 1 | . 1 . . . . . . . . . . . . . . . . . . . . . . . . . . . . . . . Skim 27 | . 6 . 5 . . . 5 . 6 5 . . . . . . . . . . . . . . . . . . . . . . Search 1 | . . . . . . . 1 . . . . . . . . . . . . . . . . . . . . . . . . . Fabricators 1 | . . . . . . . . . . . . 1 . . . . . . . . . . . . . . . . . . . . Fabnet 1 | . . . . . . . . . . . . 1 . . . . . . . . . . . . . . . . . . . . Repair Stations 4 | . . . 1 . . . 1 . 1 . . 1 . . . . . . . . . . . . . . . . . . . . Patch 4 | . . . 1 . . . 1 . 1 . . 1 . . . . . . . . . . . . . . . . . . . . Recycling Units 16 | . 2 . 4 . . . 5 . 2 3 . . . . . . . . . . . . . . . . . . . . . . Monitor 1 | . . . 1 . . . . . . . . . . . . . . . . . . . . . . . . . . . . . Reject 6 | . . . 1 . . . 2 . 1 2 . . . . . . . . . . . . . . . . . . . . . . Recyclers 1 | . . . . . . . 1 . . . . . . . . . . . . . . . . . . . . . . . . . Mask 4 | . . . 1 . . . 1 . 1 1 . . . . . . . . . . . . . . . . . . . . . . Tunnel 4 | . 2 . 1 . . . 1 . . . . . . . . . . . . . . . . . . . . . . . . . Scanalyzers 5 | . . . 1 . . . 2 . 1 . . 1 . . . . . . . . . . . . . . . . . . . . Extract 5 | . . . 1 . . . 2 . 1 . . 1 . . . . . . . . . . . . . . . . . . . . Garrison Access 9 | . . . . . . . 2 . . 1 . . . 2 . . . . . . . . 1 . . . . . . 3 . . Reprogram 2 | . . . . . . . 1 . . 1 . . . . . . . . . . . . . . . . . . . . . . Intercept 1 | . . . . . . . 1 . . . . . . . . . . . . . . . . . . . . . . . . . Jam 6 | . . . . . . . . . . . . . . 2 . . . . . . . . 1 . . . . . . 3 . . Data Cores Recovered 3 | . . . 1 . . . . . . . . . . . . . . . . . . . 1 . . . . . . . 1 . Used 1 | . . . . . . . . . . . . . . . . . . . . . . . 1 . . . . . . . . . Hacking Detections 94 | . 7 . 12 . . . 14 4 14 13 1 5 . 9 . 1 . 3 . . . . 3 . . . . 2 . 1 5 . Full Trace Events 18 | . 1 . 4 . . . 2 1 4 1 . . . 2 . . . 2 . . . . 1 . . . . . . . . . Feedback Events 2 | . 1 . . . . . . . . . . . . 1 . . . . . . . . . . . . . . . . . . Corruption 2 | . 1 . . . . . . . . . . . . 1 . . . . . . . . . . . . . . . . . . Feedback Blocked . | . . . . . . . . . . . . . . . . . . . . . . . . . . . . . . . . . Robot Schematics Acquired . | . . . . . . . . . . . . . . . . . . . . . . . . . . . . . . . . . Robots Built . | . . . . . . . . . . . . . . . . . . . . . . . . . . . . . . . . . Authchips . | . . . . . . . . . . . . . . . . . . . . . . . . . . . . . . . . . Time . | . . . . . . . . . . . . . . . . . . . . . . . . . . . . . . . . . Total Robot Build Rating . | . . . . . . . . . . . . . . . . . . . . . . . . . . . . . . . . . Part Schematics Acquired 39 | . . . 14 . . . 11 . 4 . . 6 . . . . . . . . 4 . . . . . . . . . . . Parts Built . | . . . . . . . . . . . . . . . . . . . . . . . . . . . . . . . . . Authchips . | . . . . . . . . . . . . . . . . . . . . . . . . . . . . . . . . . Time . | . . . . . . . . . . . . . . . . . . . . . . . . . . . . . . . . . Total Part Build Rating . | . . . . . . . . . . . . . . . . . . . . . . . . . . . . . . . . . Part Studies Acquired 16 | . . . 3 . . . 3 . 3 . . 3 . 2 . . . . . . . . . . . . . . . . 2 . Parts Repaired 6 | . . . 1 . . . 1 . 1 1 . 2 . . . . . . . . . . . . . . . . . . . . Time 243 | . . . 32 . . . 38 . 53 44 . 76 . . . . . . . . . . . . . . . . . . . . Parts Recycled . | . . . . . . . . . . . . . . . . . . . . . . . . . . . . . . . . . Recycled Matter . | . . . . . . . . . . . . . . . . . . . . . . . . . . . . . . . . . Retrieved Matter . | . . . . . . . . . . . . . . . . . . . . . . . . . . . . . . . . . Retrieved Components 8 | . . . . . . . . . . . . . . . . . . . . . . . 8 . . . . . . . . . Parts Scanalyzed 14 | . . . 7 . . . 3 . 3 . . 1 . . . . . . . . . . . . . . . . . . . . Part Schematics Acquired 14 | . . . 7 . . . 3 . 3 . . 1 . . . . . . . . . . . . . . . . . . . . Parts Damaged 1 | . . . . . . . . . . . . 1 . . . . . . . . . . . . . . . . . . . . Bothacking | -11 -10 -10 -9 -9 -9 -8 -8 -8 -8 -8 -8 -7 -7 -6 -6 -6 -6 -5 -5 -5 -5 -4 -4 -4 -4 -4 -3 -3 -3 -2 -1 -1 ------------ Run | Yrd Mat Min Mat Min Exi Min Mat Gar Mat Sto Gar Fac DSF Fac Was Fac DSF Fac Upp Upp Zhi Pro Fac Upp Upp War Pro Res DSF Res Acc Com Used RIF Installer . | . . . . . . . . . . . . . . . . . . . . . . . . . . . . . . . . . Robots Hacked . | . . . . . . . . . . . . . . . . . . . . . . . . . . . . . . . . . Non-combat . | . . . . . . . . . . . . . . . . . . . . . . . . . . . . . . . . . Combat . | . . . . . . . . . . . . . . . . . . . . . . . . . . . . . . . . . Robot Hacks Applied . | . . . . . . . . . . . . . . . . . . . . . . . . . . . . . . . . . Relay Couplers Released 50 | . . . . . . . . 23 . . 22 . . . . . . . . . . . . . . . . . . 3 2 . Machine Destruction 46 | . . . . . . . . 23 . . 18 . . . . . . . . . . . . . . . . . . 3 2 . Programmers 4 | . . . . . . . . . . . 4 . . . . . . . . . . . . . . . . . . . . . Fabnet Peak Effective % 3 | . . . . . . . . . . . . . . 3 3 3 3 1 1 1 1 . . . . . . . . . . . Robots Rewired 9 | . . . . . . . . 7 . . . . . . . . 2 . . . . . . . . . . . . . . . Allies Hacked . | . . . . . . . . . . . . . . . . . . . . . . . . . . . . . . . . . Hacks Repelled . | . . . . . . . . . . . . . . . . . . . . . . . . . . . . . . . . . Allies | -11 -10 -10 -9 -9 -9 -8 -8 -8 -8 -8 -8 -7 -7 -6 -6 -6 -6 -5 -5 -5 -5 -4 -4 -4 -4 -4 -3 -3 -3 -2 -1 -1 -------- Run | Yrd Mat Min Mat Min Exi Min Mat Gar Mat Sto Gar Fac DSF Fac Was Fac DSF Fac Upp Upp Zhi Pro Fac Upp Upp War Pro Res DSF Res Acc Com Total Allies 28 | . 1 1 . 2 . . 1 7 . 13 . . . . . . 2 . . . . . . . . . . 1 . . . . Largest Group 10 | . 1 1 . 2 2 . 1 4 4 10 3 . . . . . 1 . . . . . . . . . . 1 1 . . . Highest-Rated Group 173 | . 10 31 . 41 41 . 15 90 68 173 48 . . . . . 32 . . . . . . . . . . 26 26 . . . Highest-Rated Ally 32 | . 10 31 . 31 31 . 15 25 20 29 16 . . . . . 32 . . . . . . . . . . 26 26 . . . Initial Warlord ECA Mod 47 | . . . . . . . . . 12 12 12 22 22 31 31 31 31 40 40 40 40 39 39 39 39 39 38 38 38 47 46 46 Total Orders 11 | . . . . . . . . . . . . . . . . . . . . . . . . . . 2 6 1 . 2 . . FOLLOW 1 | . . . . . . . . . . . . . . . . . . . . . . . . . . 1 . . . . . . EXPLORE 5 | . . . . . . . . . . . . . . . . . . . . . . . . . . 1 3 . . 1 . . RETURN 5 | . . . . . . . . . . . . . . . . . . . . . . . . . . . 3 1 . 1 . . Ally Attacks 164 | . . 5 . . . . 3 3 29 108 9 . . . . . 7 . . . . . . . . . . . . . . . Total Damage 2172 | . . 82 . . . . 57 135 271 1326 87 . . . . . 214 . . . . . . . . . . . . . . . Kills 18 | . . . . . . . . 1 2 15 . . . . . . . . . . . . . . . . . . . . . . Allies Corrupted . | . . . . . . . . . . . . . . . . . . . . . . . . . . . . . . . . . Allies Melted 2 | . . . . . . . . . . . . . . . . . . . . . . . . . . 1 . . . 1 . . Intel | -11 -10 -10 -9 -9 -9 -8 -8 -8 -8 -8 -8 -7 -7 -6 -6 -6 -6 -5 -5 -5 -5 -4 -4 -4 -4 -4 -3 -3 -3 -2 -1 -1 ------- Run | Yrd Mat Min Mat Min Exi Min Mat Gar Mat Sto Gar Fac DSF Fac Was Fac DSF Fac Upp Upp Zhi Pro Fac Upp Upp War Pro Res DSF Res Acc Com Active Infowar (turns) 8845 | 9 466 . . . . . . . . . . . . 2 . . . . 969 747 228 529 1278 652 409 745 . 207 71 1126 1050 357 Sensors 4391 | . 169 . . . . . . . . . . . . . . . . . 969 747 228 529 . 626 378 745 . . . . . . Terrain 4095 | . . . . . . . . . . . . . . . . . . . . . . . . 615 400 605 . . . 1126 997 352 Seismic 306 | 9 297 . . . . . . . . . . . . . . . . . . . . . . . . . . . . . . . Cloaking 842 | . . . . . . . . . . . . . . . . . . . . . . . . . . 68 . 207 3 . 480 84 Jamming 4285 | . . . . . . . . . . . . . . 2 . . . . . . . . 1278 652 409 671 . 206 71 . 641 355 ECM 3 | . . . . . . . . . . . . . . . . . . . . . . . . . . . . . . 3 . . Robot Analysis Total 6 | . . 2 . . . . . . . . . . . . . . . . . . 4 . . . . . . . . . . . Derelict Logs Recovered 7 | . . . . 1 . . . . . . . . . . . . . . 1 1 . 2 . 1 1 . . . . . . . Drone Launches 54 | . . . . . . . . . . . . . . . . . . . . . . . . . . 10 24 10 . 10 . . Drone Recoveries 44 | . . . . . . . . . . . . . . . . . . . . . . . . . . . 24 10 . 10 . . Exploration | -11 -10 -10 -9 -9 -9 -8 -8 -8 -8 -8 -8 -7 -7 -6 -6 -6 -6 -5 -5 -5 -5 -4 -4 -4 -4 -4 -3 -3 -3 -2 -1 -1 ------------- Run | Yrd Mat Min Mat Min Exi Min Mat Gar Mat Sto Gar Fac DSF Fac Was Fac DSF Fac Upp Upp Zhi Pro Fac Upp Upp War Pro Res DSF Res Acc Com Turns Passed 31534 | 79 1513 214 3741 778 614 112 2302 1581 3940 630 1338 419 378 997 203 129 399 769 1146 747 228 759 1776 652 409 904 394 250 355 1970 1150 658 Spaces Moved 21464 | 40 733 168 2275 604 552 123 1710 1258 2438 395 774 270 237 650 102 107 211 484 850 588 157 559 1276 466 318 760 258 166 227 1585 764 359 Core 131 | 1 . 96 . . . . . . . . . . . . . . . . . . . . . . . . . . . . . 34 Treads 263 | . 90 . 173 . . . . . . . . . . . . . . . . . . . . . . . . . . . . . Legs 7668 | . . . . . 246 123 1710 1258 1055 . . . . . . . 43 484 850 588 157 559 595 . . . . . . . . . Wheels 13402 | 39 643 72 2102 604 306 . . . 1383 395 774 270 237 650 102 107 168 . . . . . 681 466 318 760 258 166 227 1585 764 325 Hover . | . . . . . . . . . . . . . . . . . . . . . . . . . . . . . . . . . Flight . | . . . . . . . . . . . . . . . . . . . . . . . . . . . . . . . . . Fastest Speed 45 | 50 100 50 95 110 90 90 90 90 45 115 115 105 105 95 95 120 105 120 120 120 120 120 96 102 102 102 102 102 104 110 101 50 Average Speed 109 | 97 124 76 113 117 109 90 90 90 110 119 123 112 117 110 111 120 116 121 125 120 120 125 108 102 102 102 102 102 106 110 108 101 Slowest Speed 220 | 100 160 125 160 125 170 90 170 90 130 130 130 115 120 135 120 120 220 170 170 120 120 170 175 102 102 102 102 104 130 110 110 122 Overloaded Moves 1 | . . . . . . . . . 1 . . . . . . . . . . . . . . . . . . . . . . . Propulsion Burnouts . | . . . . . . . . . . . . . . . . . . . . . . . . . . . . . . . . . Robots Hopped . | . . . . . . . . . . . . . . . . . . . . . . . . . . . . . . . . . Potential Cave-ins . | . . . . . . . . . . . . . . . . . . . . . . . . . . . . . . . . . Cave-ins Triggered . | . . . . . . . . . . . . . . . . . . . . . . . . . . . . . . . . . Exploration Rate (%) 59 | 3 98 28 99 98 91 35 95 93 98 60 77 9 93 22 62 3 92 14 86 72 62 72 32 62 47 91 64 5 96 67 29 19 Regions Visited 32 Branch Regions 14 Pre-discovered Areas 19 | . 3 . 4 . 1 . 3 . . 2 . . . . . . . . 1 . 3 . . 1 . 1 . . . . . . Known Exits Taken 20 | . 1 1 1 . . 1 1 . 1 1 . 1 . . . 1 . 1 1 1 1 1 1 1 1 1 1 1 . . . . Unknown Exits Taken 5 | 1 . . . 1 1 . . . . . . . . . . . . . . . . . . . . . . . . 1 1 . Scrap Searched 16 | . . 1 . 2 . 2 . . . . . . . . . . . . 2 2 . 2 . 2 1 . 2 . . . . . Spaces Dug 119 | . . . 4 . . . 7 4 9 1 . . . 3 . . . 1 6 . . 20 4 10 11 . 21 . . . 12 6 Terrain Destroyed 1003 | . 6 1 51 6 . . 100 161 197 19 99 . . 40 4 . 12 23 6 14 . 39 17 18 15 1 21 2 5 7 55 84 Melee 15 | . . . 4 . . . . 4 . . . . . . . . . 1 6 . . . . . . . . . . . . . Projectile 362 | . 6 1 . 6 . . 100 . 74 19 3 . . 23 4 . 1 . . . . . 17 18 15 1 21 2 5 2 30 14 AOE 626 | . . . 47 . . . . 157 123 . 96 . . 17 . . 11 22 . 14 . 39 . . . . . . . 5 25 70 Terrain Rammed . | . . . . . . . . . . . . . . . . . . . . . . . . . . . . . . . . . Walls Destroyed . | . . . . . . . . . . . . . . . . . . . . . . . . . . . . . . . . . Machines Disabled . | . . . . . . . . . . . . . . . . . . . . . . . . . . . . . . . . . Actions | -11 -10 -10 -9 -9 -9 -8 -8 -8 -8 -8 -8 -7 -7 -6 -6 -6 -6 -5 -5 -5 -5 -4 -4 -4 -4 -4 -3 -3 -3 -2 -1 -1 --------- Run | Yrd Mat Min Mat Min Exi Min Mat Gar Mat Sto Gar Fac DSF Fac Was Fac DSF Fac Upp Upp Zhi Pro Fac Upp Upp War Pro Res DSF Res Acc Com Total 27133 | 60 1189 237 3131 661 561 124 2114 1542 3421 501 1010 383 303 820 136 107 305 619 894 618 184 600 1585 621 387 867 373 230 283 1763 956 548 Wait 3505 | . 327 50 602 44 2 2 184 103 808 68 78 103 14 94 9 . 17 80 13 21 . 14 187 132 58 77 109 42 4 65 99 99 Move 21433 | 39 732 167 2274 603 551 122 1709 1257 2437 394 773 269 236 650 101 106 210 483 849 587 156 558 1275 465 317 759 257 165 226 1584 763 359 Hop . | . . . . . . . . . . . . . . . . . . . . . . . . . . . . . . . . . Pick Up 143 | 3 14 4 26 4 2 . 15 . 8 1 1 3 7 6 . . 5 3 1 . 3 2 12 . . 1 . . 4 11 6 1 Fast Attach 135 | 8 7 4 10 . 1 . 9 1 3 3 1 2 4 3 2 . 16 6 3 . 4 3 13 1 . 7 . 2 6 9 2 5 Attach 64 | . 2 3 5 1 . . 6 1 2 . 3 2 3 3 1 . . 4 1 . 3 2 4 . . 1 . 1 . 1 5 10 Detach 22 | 1 4 . 2 . . . 1 1 . . . . . . . . . 2 . . . 2 1 1 . 1 . . 3 2 . 1 Swap 304 | . 8 . 37 1 2 . 16 15 30 8 5 2 6 12 . 1 6 8 6 5 4 7 22 8 4 3 . 8 11 37 19 13 Drop 227 | 1 10 2 27 3 3 . 18 3 12 5 . 1 16 7 1 . 11 5 4 1 7 4 25 2 . 8 . 2 9 28 6 6 Fire 1039 | 8 85 7 143 5 . . 118 74 117 22 77 1 17 45 22 . 33 12 . 4 . 8 46 12 8 8 7 5 20 26 56 53 Melee 55 | . . . 4 . . . . 12 . . . . . . . . . 14 17 . 7 . . . . 1 . . . . . . Ram 3 | . . . 1 . . . . . 1 . 1 . . . . . . . . . . . . . . . . . . . . . Kick 7 | . . . . . . . 2 . 3 . . . . . . . . 2 . . . . . . . . . . . . . . Crush . | . . . . . . . . . . . . . . . . . . . . . . . . . . . . . . . . . Escape Stasis 71 | . . . . . . . . . . . 71 . . . . . . . . . . . . . . . . . . . . . Rewire 83 | . . . . . . . . 75 . . . . . . . . 7 . . . . . . . . . . . . . . 1 Trap 5 | . . . . . . . . . . . . . . . . . . . . . . . . . . . . 5 . . . . Miscellaneous 37 | . . . . . . . 36 . . . . . . . . . . . . . . . . . . 1 . . . . . . Route ------- -11/Scrapyard -10/Materials (discovered 6 exits: *Mat x3 / *Min x2 / *Sub) -10/Mines (discovered 3 exits: *Mat x2 / Sub) -9/Materials (discovered 4 exits: *Mat x3 / *Min) -9/Mines (discovered 3 exits: *Mat x2 / *Exi) -9/Exiles -8/Mines -8/Materials (discovered 5 exits: *Fac x3 / *Sto / Gar) -8/Garrison (discovered 4 exits: *Mat x4) -8/Materials (discovered 5 exits: *Fac x3 / *Sto x2) -8/Storage (discovered 3 exits: *Fac / Rec / Gar) -8/Garrison (discovered 3 exits: *Fac x3) -7/Factory (discovered 6 exits: Fac x3 / Low x2 / DSF) -7/DSF -6/Factory (discovered 5 exits: *Fac / Low x2 / Ext x2) -6/Waste -6/Factory (discovered 2 exits: Gar / DSF) -6/DSF -5/Factory (discovered 2 exits: *Upp x2) -5/Upper Caves -5/Upper Caves -5/Zhirov -4/Proximity Caves -4/Factory -4/Upper Caves -4/Upper Caves -4/Warlord -3/Proximity Caves -3/Research (discovered 2 exits: Tes / DSF) -3/DSF -2/Research (discovered 3 exits: *Acc x3) -1/Access -1/Command History --------- Turn | Location | Event 14 | -11/Scrapyard | Discovered new exit (range 15) 80 | -11/Scrapyard | Entered Materials 303 | -10/Materials | Build established: Mutant 460 | -10/Materials | Discovered new exit (range 13) 520 | -10/Materials | Core integrity fell below 50% 580 | -10/Materials | Derelicts attacked the area 582 | -10/Materials | Discovered new exit (range 8) 704 | -10/Materials | Discovered new exit (range 15) 847 | -10/Materials | Discovered new exit (range 10) 864 | -10/Materials | Discovered new exit (range 15) 980 | -10/Materials | Identified exit to Subcaves 1059 | -10/Materials | Learned location of Mines (-8) 1289 | -10/Materials | Learned Storage emergency access door positions 1324 | -10/Materials | Learned 2 Storage zone layouts 1371 | -10/Materials | Loaded intel: 11 trap records 1429 | -10/Materials | Identified exit to Mines 1429 | -10/Materials | Identified exit to Materials 1578 | -10/Materials | Loaded intel: 20 non-interactive machine locations 1593 | -10/Materials | Entered Mines 1596 | -10/Mines | Received a Mining Laser from a helpful Derelict 1624 | -10/Mines | Received a Rocket Launcher from a helpful Derelict 1631 | -10/Mines | Met a Derelict bent on vengeance 1641 | -10/Mines | Assembled infested the area 1665 | -10/Mines | Core integrity fell below 20% 1677 | -10/Mines | Released all parts (6) 1807 | -10/Mines | Entered Materials 1807 | -9/Materials | Evolved 2 slots: Utility x1, Weapon x1 2412 | -9/Materials | Discovered new exit (range 8) 2523 | -9/Materials | Identified exit to Mines 2591 | -9/Materials | Central database locked down 2674 | -9/Materials | Build established: Tank 2978 | -9/Materials | Discovered new exit (range 15) 3407 | -9/Materials | First assault squad dispatched 3419 | -9/Materials | Learned Storage stockpile data 3457 | -9/Materials | Identified exit to Materials 3485 | -9/Materials | Learned Materials stockpile data 3503 | -9/Materials | Learned Recycling recycling unit intel 3509 | -9/Materials | Learned location of Zion (-6) 3510 | -9/Materials | Learned location of 2 exits from Materials 3536 | -9/Materials | Loaded intel: 2 recycling unit locations 3659 | -9/Materials | Repaired Arm. Wheel+ 3854 | -9/Materials | Build established: Gunner 3970 | -9/Materials | Core integrity fell below 50% 4339 | -9/Materials | Sterilization system engaged 4339 | -9/Materials | Non-combat units ordered to evacuate 4439 | -9/Materials | Combat units ordered to evacuate 4639 | -9/Materials | Ambient heat levels rising (+10) 4789 | -9/Materials | Ambient heat levels rising (+10) 4939 | -9/Materials | Ambient heat levels rising (+10) 5089 | -9/Materials | Ambient heat levels rising (+10) 5239 | -9/Materials | Ambient heat levels rising (+10) 5389 | -9/Materials | Ambient heat levels rising (+10) 5539 | -9/Materials | Ambient heat levels rising (+10) 5548 | -9/Materials | Entered Mines 5556 | -9/Mines | Joined a pair of Derelicts in attacking an 0b10 outpost 5630 | -9/Mines | Deemed a non-threat by the Exiles lab entrance 5630 | -9/Mines | Discovered new exit (range 5) 5681 | -9/Mines | A weapon hastily lodged in a ceiling crevice suddenly fell to the ground 5768 | -9/Mines | Discovered exit to Materials (range 9) 5826 | -9/Mines | Discovered exit to Materials (range 9) 6144 | -9/Mines | Learned Materials security intel 6326 | -9/Mines | Entered Exiles 6326 | -9/Exiles | Accompanied by 2 allies 6356 | -9/Exiles | Led the pair of lost Derelicts to a safe place 6358 | -9/Exiles | Met 8R-AWN 6381 | -9/Exiles | Met EX-HEX 6413 | -9/Exiles | Met EX-BIN 6430 | -9/Exiles | Met EX-DEC 6486 | -9/Exiles | Visited The Gauntlet 6672 | -9/Exiles | Aligned with FarCom system 6673 | -9/Exiles | Given EX-Vault access code 6702 | -9/Exiles | Opened EX-Vault 6715 | -9/Exiles | Found Potential Leg 6718 | -9/Exiles | Found Potential Leg 6754 | -9/Exiles | Warned to stay clear of 0b10 Research branches 6929 | -9/Exiles | Discovered new exit (range 14) 6940 | -9/Exiles | Left Exiles lab with Potential Leg 6940 | -9/Exiles | Entered Mines 7029 | -8/Mines | Discovered exit to Materials (range 7) 7052 | -8/Mines | Entered Materials 7052 | -8/Materials | Evolved 2 slots: Utility x1, Weapon x1 7053 | -8/Materials | Identified exit to Factory 7244 | -8/Materials | Build established: Skirmisher 7511 | -8/Materials | Discovered new exit (range 15) 7819 | -8/Materials | Learned Storage machine intel 7871 | -8/Materials | Identified exit to Garrison 7895 | -8/Materials | Garrison activated, responded to threat 7938 | -8/Materials | Learned Storage emergency access door positions 7957 | -8/Materials | Learned location of 1 exit from Lower Caves 7984 | -8/Materials | Learned Storage stockpile data 8013 | -8/Materials | Learned location of Extension (-6) 8139 | -8/Materials | Discovered exit to Factory (range 15) 8604 | -8/Materials | Repaired Hvy. Particle Cannon+ 8982 | -8/Materials | Garrison activated, responded to threat 9008 | -8/Materials | Sterilization system engaged 9008 | -8/Materials | Non-combat units ordered to evacuate 9108 | -8/Materials | Combat units ordered to evacuate 9308 | -8/Materials | Ambient heat levels rising (+10) 9354 | -8/Materials | Entered Garrison 9444 | -8/Garrison | Triggered checkpoint 9462 | -8/Garrison | Garrison Relay disabled 9555 | -8/Garrison | Triggered checkpoint 9596 | -8/Garrison | Triggered checkpoint 9609 | -8/Garrison | Triggered checkpoint 9642 | -8/Garrison | Triggered checkpoint 9645 | -8/Garrison | Discovered new exit (range 14) 9748 | -8/Garrison | Triggered checkpoint 9877 | -8/Garrison | Triggered checkpoint 9952 | -8/Garrison | Discovered new exit (range 10) 10027 | -8/Garrison | Learned Materials security intel 10052 | -8/Garrison | Triggered checkpoint 10104 | -8/Garrison | Garrison Relay disabled 10184 | -8/Garrison | Phase Generator disabled 10276 | -8/Garrison | Garrison Relay disabled 10278 | -8/Garrison | Garrison Relay disabled 10503 | -8/Garrison | Garrison Relay disabled 10508 | -8/Garrison | Triggered checkpoint 10577 | -8/Garrison | Core integrity fell below 50% 10601 | -8/Garrison | Lost 3 allies 10605 | -8/Garrison | Discovered new exit (range 14) 10706 | -8/Garrison | Garrison Relay disabled 10872 | -8/Garrison | Discovered new exit (range 3) 10935 | -8/Garrison | Entered Materials 10935 | -8/Materials | Accompanied by 4 allies 10936 | -8/Materials | Identified exit to Storage 11046 | -8/Materials | Lost 3 allies 11346 | -8/Materials | Learned Storage stockpile data 11413 | -8/Materials | Learned 4 Lower Caves zone layouts 11474 | -8/Materials | Discovered exit to Factory (range 13) 11512 | -8/Materials | Learned location of 2 exits from Factory 11586 | -8/Materials | Learned Storage stockpile data 11639 | -8/Materials | Learned Factory emergency access door positions 11735 | -8/Materials | First assault squad dispatched 11911 | -8/Materials | Discovered exit to Factory (range 5) 12915 | -8/Materials | Core integrity fell below 20% 12971 | -8/Materials | Discovered exit to Factory (range 15) 13267 | -8/Materials | Repaired Broken Hvy. Particle Cannon+ 13811 | -8/Materials | Sterilization system engaged 13811 | -8/Materials | Non-combat units ordered to evacuate 13911 | -8/Materials | Combat units ordered to evacuate 14111 | -8/Materials | Ambient heat levels rising (+10) 14261 | -8/Materials | Ambient heat levels rising (+10) 14411 | -8/Materials | Ambient heat levels rising (+10) 14561 | -8/Materials | Ambient heat levels rising (+10) 14711 | -8/Materials | Ambient heat levels rising (+10) 14861 | -8/Materials | Ambient heat levels rising (+10) 14875 | -8/Materials | Entered Storage 14876 | -8/Storage | Identified exit to Recycling 14879 | -8/Storage | Loaded intel: 49 machine locations 14928 | -8/Storage | Assisted by bots powering up and referring to "LRC-V3" 15025 | -8/Storage | Repaired Arm. Huge Wheel 15216 | -8/Storage | Build established: Commander-Skirmisher 15275 | -8/Storage | First assault squad dispatched 15311 | -8/Storage | Learned Factory trap positions 15327 | -8/Storage | Learned location of 1 exit from Recycling 15333 | -8/Storage | Learned 4 Factory zone layouts 15334 | -8/Storage | Learned location of 2 exits from Factory 15336 | -8/Storage | Learned Factory stockpile data 15347 | -8/Storage | Learned location of 1 exit from Lower Caves 15416 | -8/Storage | Lost 4 allies 15460 | -8/Storage | Identified exit to Garrison 15505 | -8/Storage | Entered Garrison 15505 | -8/Garrison | Accompanied by 3 allies 15627 | -8/Garrison | Build established: Skirmisher 15631 | -8/Garrison | Triggered checkpoint 15632 | -8/Garrison | Triggered checkpoint 15711 | -8/Garrison | Triggered checkpoint 15794 | -8/Garrison | Garrison Relay disabled 16026 | -8/Garrison | Garrison Relay disabled 16138 | -8/Garrison | Discovered exit to Factory (range 13) 16613 | -8/Garrison | Discovered exit to Factory (range 12) 16623 | -8/Garrison | Phase Generator disabled 16701 | -8/Garrison | Garrison Relay disabled 16705 | -8/Garrison | Garrison Relay disabled 16763 | -8/Garrison | Triggered checkpoint 16843 | -8/Garrison | Entered Factory 16843 | -7/Factory | Evolved 2 slots: Utility x2 16844 | -7/Factory | Identified exit to Lower Caves 16845 | -7/Factory | Identified exit to Factory 16847 | -7/Factory | Loaded intel: 117 trap records 16891 | -7/Factory | Repaired Cryofiber Web 16930 | -7/Factory | Repaired Ion Cannon+ 17183 | -7/Factory | Central database locked down 17243 | -7/Factory | First assault squad dispatched 17262 | -7/Factory | Identified exit to DSF 17262 | -7/Factory | Entered DSF 17288 | -7/DSF | Additional patrols routed to DSF 17528 | -7/DSF | Sterilization system engaged 17548 | -7/DSF | Ambient heat levels rising (+10) 17563 | -7/DSF | Ambient heat levels rising (+10) 17578 | -7/DSF | Ambient heat levels rising (+10) 17593 | -7/DSF | Ambient heat levels rising (+10) 17593 | -7/DSF | Discovered exit to Factory (range 14) 17608 | -7/DSF | Ambient heat levels rising (+10) 17623 | -7/DSF | Ambient heat levels rising (+10) 17629 | -7/DSF | Build established: Gunner 17638 | -7/DSF | Ambient heat levels rising (+10) 17640 | -7/DSF | Entered Factory 17640 | -6/Factory | Evolved 2 slots: Power x1, Propulsion x1 17952 | -6/Factory | Garrison activated, responded to threat 18042 | -6/Factory | Build established: Scientist-Skirmisher 18269 | -6/Factory | Discovered new exit (range 8) 18269 | -6/Factory | Identified exit to Lower Caves 18269 | -6/Factory | Identified exit to Extension 18582 | -6/Factory | Destroyed 7 combat bots 18637 | -6/Factory | Sucked down chute 18637 | -6/Factory | Entered Waste 18644 | -6/Waste | Spotted C-40 Crusher 18649 | -6/Waste | Spotted C-40 Crusher 18652 | -6/Waste | EMP discharged 18652 | -6/Waste | System corruption reached 10% 18670 | -6/Waste | Destroyed C-40 Crusher 18672 | -6/Waste | Spotted C-40 Crusher 18687 | -6/Waste | Destroyed C-40 Crusher 18694 | -6/Waste | Spotted C-40 Crusher 18704 | -6/Waste | Destroyed C-40 Crusher 18717 | -6/Waste | Spotted C-40 Crusher 18730 | -6/Waste | Crushed by Compactor (1 part destroyed, 1 dropped) 18752 | -6/Waste | EMP discharged 18769 | -6/Waste | Spotted C-40 Crusher 18804 | -6/Waste | Discovered new exit (range 10) 18830 | -6/Waste | Destroyed C-40 Crusher 18840 | -6/Waste | Entered Factory 18866 | -6/Factory | Identified exit to Garrison 18968 | -6/Factory | Identified exit to DSF 18969 | -6/Factory | Entered DSF 19004 | -6/DSF | Additional patrols routed to DSF 19030 | -6/DSF | Lost 3 parts (1p2w) 19176 | -6/DSF | Sterilization system engaged 19195 | -6/DSF | Discovered new exit (range 16) 19196 | -6/DSF | Ambient heat levels rising (+10) 19208 | -6/DSF | Destroyed 7 combat bots 19211 | -6/DSF | Ambient heat levels rising (+10) 19226 | -6/DSF | Ambient heat levels rising (+10) 19241 | -6/DSF | Ambient heat levels rising (+10) 19256 | -6/DSF | Ambient heat levels rising (+10) 19271 | -6/DSF | Ambient heat levels rising (+10) 19286 | -6/DSF | Ambient heat levels rising (+10) 19301 | -6/DSF | Ambient heat levels rising (+10) 19316 | -6/DSF | Ambient heat levels rising (+10) 19331 | -6/DSF | Ambient heat levels rising (+10) 19346 | -6/DSF | Ambient heat levels rising (+10) 19361 | -6/DSF | Ambient heat levels rising (+10) 19368 | -6/DSF | Entered Factory 19368 | -5/Factory | Evolved 2 slots: Propulsion x1, Utility x1 19418 | -5/Factory | Identified exit to Upper Caves 19452 | -5/Factory | Garrison activated, responded to threat 19518 | -5/Factory | Destroyed 12 combat bots 19522 | -5/Factory | Build established: Gunner 20137 | -5/Factory | Entered Upper Caves 20143 | -5/Upper Caves | Met a Warlord Commander 20144 | -5/Upper Caves | Learned location of Warlord (-4) 20145 | -5/Upper Caves | Warlord Commander delivered Encrypted Comm Array 20146 | -5/Upper Caves | Found Encrypted Comm Array 20618 | -5/Upper Caves | Build established: Skirmisher 21174 | -5/Upper Caves | Spotted B-75 Beast 21227 | -5/Upper Caves | Learned Factory stockpile data 21260 | -5/Upper Caves | Discovered new exit (range 12) 21276 | -5/Upper Caves | Attracted the attention of an 0b10 checkpoint 21282 | -5/Upper Caves | Identified exit to Upper Caves 21283 | -5/Upper Caves | Entered another Upper Caves area 21333 | -5/Upper Caves | Attracted the attention of an 0b10 checkpoint 21451 | -5/Upper Caves | Discovered new exit (range 13) 21465 | -5/Upper Caves | Identified exit to Zhirov 21633 | -5/Upper Caves | Learned Factory garrison access intel 22030 | -5/Upper Caves | Entered Zhirov 22034 | -5/Zhirov | Discovered new exit (range 3) 22055 | -5/Zhirov | Met Zhirov 22081 | -5/Zhirov | Learned location of Quarantine (-2) 22081 | -5/Zhirov | Learned location of Command (-1) 22098 | -5/Zhirov | Zhirov requested help retrieving the SGEMP Prototype 22116 | -5/Zhirov | Found Alien Artifact 22116 | -5/Zhirov | Identified Integrated Dissipator 22116 | -5/Zhirov | Installed Integrated Dissipator, increased core heat dissipation (+20) 22198 | -5/Zhirov | Found Alien Artifact 22257 | -5/Zhirov | Identified exit to Proximity Caves 22258 | -5/Zhirov | Entered Proximity Caves 22346 | -4/Proximity Caves | Learned Research terminal intel 22773 | -4/Proximity Caves | Spotted B-86 Titan 22796 | -4/Proximity Caves | Destroyed B-86 Titan 22811 | -4/Proximity Caves | System corruption reached 10% 22836 | -4/Proximity Caves | Discovered new exit (range 14) 22851 | -4/Proximity Caves | Identified exit to Factory 23017 | -4/Proximity Caves | Entered Factory 23017 | -4/Factory | Evolved 2 slots: Propulsion x1, Utility x1 23019 | -4/Factory | Loaded intel: 4 garrison access locations 23093 | -4/Factory | Build established: Gunner 23383 | -4/Factory | Garrison activated, responded to threat 24245 | -4/Factory | Build established: Scavenger-Gunner 24413 | -4/Factory | Discovered new exit (range 12) 24463 | -4/Factory | Identified exit to Upper Caves 24747 | -4/Factory | Build established: Skirmisher 24793 | -4/Factory | Entered Upper Caves 24948 | -4/Upper Caves | Found DCF Scrap (11 items) 24985 | -4/Upper Caves | Discovered new exit (range 9) 24994 | -4/Upper Caves | Identified exit to Upper Caves 25445 | -4/Upper Caves | Entered another Upper Caves area 25550 | -4/Upper Caves | Learned Research emergency access door positions 25766 | -4/Upper Caves | Discovered new exit (range 10) 25772 | -4/Upper Caves | Encountered a Warlord checkpoint 25853 | -4/Upper Caves | Identified exit to Warlord 25854 | -4/Upper Caves | Entered Warlord 25889 | -4/Warlord | System corruption cleaned by Quarantine Array 26227 | -4/Warlord | Learned Factory terminal intel 26227 | -4/Warlord | Learned Factory recycling unit intel 26227 | -4/Warlord | Learned Factory garrison access intel 26227 | -4/Warlord | Learned Armory terminal intel 26227 | -4/Warlord | Learned 4 Research zone layouts 26227 | -4/Warlord | Learned 4 Quarantine zone layouts 26227 | -4/Warlord | Learned 4 Quarantine zone layouts 26299 | -4/Warlord | Visited the Vortex Lab 26300 | -4/Warlord | Warlord's base attacked by MAIN.C 26307 | -4/Warlord | Found Prototype Piercing Weapon 26307 | -4/Warlord | Identified Vortex Lance 26377 | -4/Warlord | Met Warlord 26447 | -4/Warlord | Found Prototype Device 26447 | -4/Warlord | Identified Thermal Barrier 26455 | -4/Warlord | Found Prototype Reactor 26455 | -4/Warlord | Identified Vortex Chain Reactor 26459 | -4/Warlord | Found Prototype Device 26459 | -4/Warlord | Identified Exp. Cloaking Device 26466 | -4/Warlord | Found Prototype Hackware 26547 | -4/Warlord | Spotted B-90 Cyclops 26551 | -4/Warlord | Destroyed B-90 Cyclops 26562 | -4/Warlord | Destroyed B-86 Titan 26569 | -4/Warlord | Warlord forces counterattacked 26645 | -4/Warlord | Found Prototype Device 26645 | -4/Warlord | Identified Minesniffer Drone Bay 26649 | -4/Warlord | Lost 6 allies 26681 | -4/Warlord | Opened side exit 26701 | -4/Warlord | Discovered new exit (range 9) 26707 | -4/Warlord | Identified exit to Proximity Caves 26758 | -4/Warlord | Entered Proximity Caves 26758 | -3/Proximity Caves | Accompanied by 8 allies 26870 | -3/Proximity Caves | Lost 5 allies 26894 | -3/Proximity Caves | Build established: Gunner 27063 | -3/Proximity Caves | Discovered new exit (range 8) 27070 | -3/Proximity Caves | Identified exit to Research 27152 | -3/Proximity Caves | Entered Research 27152 | -3/Research | Evolved 2 slots: Propulsion x1, Weapon x1 27153 | -3/Research | Identified exit to Testing 27156 | -3/Research | Loaded intel: 18 terminal locations 27218 | -3/Research | Identified Ghost Barrier 27402 | -3/Research | Identified exit to DSF 27402 | -3/Research | Entered DSF 27402 | -3/DSF | Accompanied by 1 ally 27410 | -3/DSF | Found Hvy. Reactive Plating 27439 | -3/DSF | Additional patrols routed to DSF 27511 | -3/DSF | Discovered new exit (range 15) 27596 | -3/DSF | Destroyed 7 combat bots 27597 | -3/DSF | Sterilization system engaged 27617 | -3/DSF | Ambient heat levels rising (+10) 27632 | -3/DSF | Ambient heat levels rising (+10) 27647 | -3/DSF | Ambient heat levels rising (+10) 27661 | -3/DSF | Found Adv. Powered Armor 27662 | -3/DSF | Ambient heat levels rising (+10) 27664 | -3/DSF | Found Adv. Powered Armor 27677 | -3/DSF | Ambient heat levels rising (+10) 27692 | -3/DSF | Ambient heat levels rising (+10) 27707 | -3/DSF | Ambient heat levels rising (+10) 27707 | -3/DSF | Found Hvy. Reactive Plating 27722 | -3/DSF | Ambient heat levels rising (+10) 27737 | -3/DSF | Ambient heat levels rising (+10) 27752 | -3/DSF | Ambient heat levels rising (+10) 27757 | -3/DSF | Entered Research 27757 | -2/Research | Warlord forces began assault on 0b10 27757 | -2/Research | Evolved 2 slots: Utility x2 27782 | -2/Research | Distinguished unit "The Professionals" dispatched to help 27782 | -2/Research | Distinguished unit "Railsplitters" dispatched to help 27867 | -2/Research | Research machine network offline 27942 | -2/Research | Borebot progress halted 27960 | -2/Research | Build established: Pyromaniac-Tank 27968 | -2/Research | Met up with Warlord 28060 | -2/Research | Spotted B-90 Cyclops 28076 | -2/Research | Discovered new exit (range 16) 28142 | -2/Research | Spotted Striker 28200 | -2/Research | Spotted B-90 Cyclops 28207 | -2/Research | Destroyed B-90 Cyclops 28470 | -2/Research | Spotted Executioner 28474 | -2/Research | Spotted Executioner 28475 | -2/Research | Destroyed Executioner 28489 | -2/Research | Discovered new exit (range 11) 28492 | -2/Research | Found Prototype Processor 28492 | -2/Research | Identified Exp. Targeting Computer 28500 | -2/Research | Found Prototype Device 28500 | -2/Research | Identified Adv. Kinecellerator 28566 | -2/Research | Borebot progress halted 28645 | -2/Research | Spotted Striker 28654 | -2/Research | Destroyed Striker 28676 | -2/Research | Lost 3 allies 28885 | -2/Research | Found Prototype Processor 28885 | -2/Research | Identified Exp. Melee Analysis Suite 29001 | -2/Research | Build established: Hacker-Skirmisher 29083 | -2/Research | Spotted Executioner 29086 | -2/Research | Spotted Executioner 29261 | -2/Research | Given Cave Seal Controls access code 29686 | -2/Research | Found Prototype Processor 29686 | -2/Research | Identified Exp. Core Analyzer 29708 | -2/Research | Discovered new exit (range 8) 29727 | -2/Research | Entered Access 29727 | -1/Access | Evolved 2 slots: Power x1, Utility x1 29883 | -1/Access | Lost 4 allies 30042 | -1/Access | Lost 3 allies 30167 | -1/Access | Spotted B-99 Colossus 30183 | -1/Access | Spotted B-99 Colossus 30380 | -1/Access | Garrison activated, responded to threat 30483 | -1/Access | Energy Cycler disabled 30762 | -1/Access | Central database locked down 30762 | -1/Access | Identified Transdimensional Reconstructor 30797 | -1/Access | Discovered new exit (range 8) 30877 | -1/Access | Entered Command 30885 | -1/Command | Phase Generator disabled 31079 | -1/Command | Disengaged cave seal 31079 | -1/Command | Derelicts emerged from the dark tunnel 31079 | -1/Command | Welcomed Warlord to Command 31190 | -1/Command | Lost 3 allies 31213 | -1/Command | Spotted B-99 Colossus 31221 | -1/Command | Destroyed B-99 Colossus 31287 | -1/Command | Warlord commented on Warlord statues 31291 | -1/Command | Spotted Combat Programmer 31291 | -1/Command | Combat Programmer assimilated allied NP-PD6(L) 31294 | -1/Command | Spotted M Guard 31295 | -1/Command | Spotted M Guard 31296 | -1/Command | Spotted Combat Programmer 31309 | -1/Command | Destroyed Combat Programmer 31315 | -1/Command | Destroyed Combat Programmer 31336 | -1/Command | All MAIN.C guards destroyed 31344 | -1/Command | Lost 11 allies 31377 | -1/Command | First assault squad dispatched 31385 | -1/Command | System corruption reached 10% 31385 | -1/Command | Met MAIN.C 31395 | -1/Command | 0b10 Conduit disabled 31426 | -1/Command | MAIN.C activated Command garrisons 31443 | -1/Command | Lost 3 parts (3u) 31506 | -1/Command | Lost 13 allies 31515 | -1/Command | Released all parts (14) 31533 | -1/Command | Core integrity fell below 50% 31535 | -1/Command | Core integrity fell below 20% 31535 | -1/Command | Destroyed by H-88 Terminator with KE Penetrator Last Messages --------------- 31534_ K-01 Serf collects debris. 31534_ P-80 Master resets G-73 Enforcer, system corruption cleaned. 31534_ Slug penetrates B-74 Champion. 31534_ Penetrated by Slug. 31534_ K-01 Serf collects debris. 31534_ Penetrated by Slug. 31534_ Slug penetrates Wall. 31534_ S-43 Plague destroyed. 31534_ Penetrated by Slug. 31534_ S-43 Plague suffers critical hit (Destroy). 31534_ S-43 Plague destroyed. 31534_ Penetrated by Slug. 31534_ P-80 Master resets H-88 Terminator, system corruption cleaned. 31535_ P-80 Master resets X-87 Electro, system corruption cleaned. 31535_ R-10 Processor destroyed. 31535_ Penetrated by Slug. Map ----- +----------------------------------------------------+ | ??????????????????????????##???????#??## | | ???????????????????????????????????????# | | ??????????????????????????????????????## = | | ?????????????????????????#?????????#???# ! | | ????????????????????????????????????#?## = | | ???????????????????????????#??#??????###[ """"T"" | | ??????????????????????????????????#??#?# """""""" | | ???????????????????????????????#???????########### | | ??????????????????????g??????#?????##??#??#??## | | ????????????????????x ????#????????????###???# | | ???????????????????#x #????????????#??#???#?## | | ???????????????????#p #???????#?#?#???#??##??# | | ???????????????????# g#?#??##???????#?###?#### | | #################??# s#???????#????#???#?????# | | #??#p #??????????####?#####??# | | ] #??#[ #??????#????????#?????## | | ] % M #??#h #?????###?#??####??###?#### | | ############# #??#%h ###### ???#?##??##?####?#?? | | ????????????# #?##% # ## ######? #?#?#?#?##?#?# | | ????????????# ### %p%# # # # #?#####????#?## | | ????????????# g T##=%% # ## %#=#* #??#??##" | | ????????????# ## [h% W # W==!%*W ########T | | ????????????# !h %p%g *s%h**%=s%! + | | ????????????# !*!s spgs s!pg[%b%%*=p+ | | ????????????# =[%! g s=xpg[|%!==%% + | | ????????????# =%[*= @ hb %== =*[*%=| + | | ????????????# s = %k !k[!=[ + | | ????????????# ## xi W W =W #####+### | | ????????????####### s ## ## ##??? ? | | ?????????????????###s # # ########?#? ? | | ?????????????????##;xh ### #######?????#?#?? | | ??????????????????##%bh#?####??????????#????# | | ???????????????????#xh #??????????????????#?# | | ???????????????????# #??????????????????#?# | | ???????????????????# hh#??????????????????#?# | | ???????????????????# h#????????????????????# | | ???????????????????#p #????????????????????###### | | ???????????????????# s #??????????????????????? ?? | | ???????????????????# h#?????????????????????????? | | ???????????????????#p s#?????????????????????????? | | ????????????????????p ??????????????????????????? | | ????????????????????e?h??????????????????????????? | | ??????????????????????s??????????????????????????? | | ?????????????????????????????????????????????????? | | ?????????????????????????????????????????????????? | | ?????????????????????????????????????????????????? | | ?????????????????????????????????????????????????? | | ?????????????????????????????????????????????????? | | ?????????????????????????????????????????????????? | | ?????????????????????????????????????????????????? | +----------------------------------------------------+ Best States ------------- Heat Dissipation 179 Coolant Potential 65 Energy Generation 75 Energy Capacity 1395 Matter Stores 300 Matter Capacity 700 Sight Range 16 Robot Scan Range 16 Terrain Scan Range 24 Terrain Scan Density 210 Jamming Range 16 Cloak Strength 4 Base Temperature (-) 200 EM Shielding 3 Armor Coverage 1600 Resistance: KI 40 Resistance: TH 50 Core Shielding 30 Power Shielding 90 Utility Shielding 66 Point Defense Rating 240 Weapon Cycling 20 Evasion (%) 70 Targeting Accuracy 12 Recoil Reduction 2 Energy Filtering 30 Particle Charging 15 Offensive Hacking 14 Defensive Hacking 20 Trap Extractor Capacity 8 Item Schematics ----------------- Imp. Heat Sink | -9/Materials | Scanalyzed Cooling System | -9/Materials | Scanalyzed Wheel | -9/Materials | Scanalyzed Beam Cannon | -9/Materials | Scanalyzed Axe | -9/Materials | Scanalyzed Lgt. Armor Plating | -9/Materials | Scanalyzed Deuterium Engine | -9/Materials | Scanalyzed Imp. EM Shotgun | -9/Materials | Extracted Adv. Beam Cannon | -9/Materials | Extracted Hvy. Hammer | -9/Materials | Extracted Imp. Treads | -9/Materials | Extracted Weight Redist. System | -9/Materials | Extracted Flight Unit | -9/Materials | Extracted EM Pulse Gun | -9/Materials | Extracted Arm. Wheel | -8/Materials | Scanalyzed Arm. Huge Wheel | -8/Materials | Scanalyzed Plasma Cutter | -8/Materials | Scanalyzed Assault Cannon | -8/Materials | Extracted Hrd. Medium Armor Plating | -8/Materials | Extracted Carbon-fiber Leg | -8/Materials | Extracted Mining Laser | -8/Materials | Extracted Hvy. Ion Engine | -8/Materials | Extracted Power Shielding | -8/Materials | Extracted Reaction Control System | -8/Materials | Extracted Cargo Storage Unit | -8/Materials | Extracted Imp. Targeting Computer | -8/Materials | Scanalyzed Coolant Injector | -8/Materials | Scanalyzed Graphene Brace | -8/Materials | Scanalyzed Mni. Grenade Launcher | -8/Materials | Extracted Gatling Laser | -7/Factory | Scanalyzed Autogun | -7/Factory | Extracted Mic. Nuclear Core | -7/Factory | Extracted Lgt. Nuclear Core | -7/Factory | Extracted Imp. Shield Generator | -7/Factory | Extracted Kinecellerator | -7/Factory | Extracted Assault Drone Bay | -5/Zhirov | Free Exp. Heat Sink | -5/Zhirov | Free Exp. Optical Array | -5/Zhirov | Free Imp. Arc Thrower | -5/Zhirov | Free Robot Schematics ------------------ None Fabricated ------------ Nothing Repaired ---------- Arm. Wheel | 8% | -9/Materials Hvy. Particle Cannon | 36% | -8/Materials Hvy. Particle Cannon | 13% | -8/Materials | Broken Arm. Huge Wheel | 65% | -8/Storage Cryofiber Web | 3% | -7/Factory Ion Cannon | 10% | -7/Factory Studied --------- Beam Rifle | -9/Materials | Hacked Arm. Wheel | -9/Materials | Hacked Particle Gun | -9/Materials | Hacked Hvy. Particle Cannon | -8/Materials | Hacked Deuterium Engine | -8/Materials | Hacked Mni. Grenade Launcher | -8/Materials | Hacked Ion Cannon | -8/Materials | Hacked Rocket Launcher | -8/Materials | Hacked Wheel | -8/Materials | Hacked Arm. Huge Wheel | -7/Factory | Hacked Mic. Nuclear Core | -7/Factory | Hacked Lgt. Nuclear Core | -7/Factory | Hacked Nuclear Core | -6/Factory | Hacked Phase Cannon | -6/Factory | Hacked Centrium Wheel | -1/Access | Hacked Linear Accelerator | -1/Access | Hacked Alien Tech Used ----------------- Integrated Dissipator Achievements -------------- Out Of My Way Challenges ------------ None Game ------ Seed WeldingTitaniumCloak Manual? 0 Play Time 06:11:23 Cumulative 901.7 hours Start 2026.01.23 @ 19:34:00 End 2026.01.24 @ 11:32:05 Sessions 3 Manual Loads 0 Difficulty Rogue Special Mode None Game No. 347 Rogue 347 Adventurer 0 Explorer 0 Win Type - Total 93 Types 44/6/16/8/8/1/1/3/1/5 Lore% 98 Gallery% 91 Achievement% 86 Wizard Run 0 Options --------- Layout 1 ASCII 0 Keyboard 0 Movement Numpad Keybinds 0 Fullscreen 1 Font 24/Smallcaps Map View 50x35 Zoom Use 0% Tactical HUD 1 Map Filters NONE Filters NONE Steam 1 RUN: 9780694d-c899-48ff-af70-456503de89dc